 Dungeon Crawl Stone Soup version 0.29.0-4-gdea44cf6ec (webtiles) character file.

Game seed: 129228010354805278

396531 qw the Impregnable (level 23, -5/155 HPs)
             Began as a Gargoyle Fighter on Sept 7, 2022.
             Was an Elder of Okawaru.
             Killed by divine providence
             ... invoked by a daeva
              (10 damage)
             ... on level 3 of the Depths.
             The game lasted 00:24:11 (49951 turns).

qw the Impregnable (Gargoyle Fighter)              Turns: 49951, Time: 00:24:12

Health: -5/155     AC: 64    Str: 41    XL:     23   Next: 21%
Magic:  30/30      EV: 14    Int: 22    God:    Okawaru [****..]
Gold:   438        SH: 28    Dex: 14    Spells: 22/22 levels left

rFire   + + .      SeeInvis +   I - +5 broad axe (vamp)
rCold   + . .      Faith    .   p - +7 tower shield of the Storm King {Fly rN+ rCorr Int+2}
rNeg    + + .      Spirit   .   F - +6 crystal plate armour of Jigsaw {*Corrode rF+ Str+4 Stlth+}
rPois   inf        Reflect  .   w - +2 helmet {SInv}
rElec   +          Harm     .   c - +1 cloak "Cajoeq" {Int+3 Dex+6 Stlth+}
rCorr   +          Rampage  .   k - +2 pair of gloves
Will    +....                   A - +0 pair of boots of the Ant {rC+ Int+7 Dex+3}
Stlth   ..........              q - amulet of regeneration
HPRegen 1.15/turn               E - ring of Ruucirim {Drain rF+ Str+7 Dex-4 Slay+2}
MPRegen 0.22/turn               C - +4 ring of evasion

@: flying, glowing
A: sickness immunity, AC +17, big wings, negative energy resistance 1,
electricity resistance, torment resistance 1, petrification resistance
}: 2/15 runes: serpentine, barnacled
a: Renounce Religion, Heroism, Finesse


You were on level 3 of the Depths.
You worshipped Okawaru.
Okawaru was greatly pleased with you.
You visited 8 branches of the dungeon, and saw 38 of its levels.
You visited the Abyss 1 time.
You also visited: Ossuary.

You collected 5636 gold pieces.
You spent 5198 gold pieces at shops.


Innate Abilities, Weirdness & Mutations

You are immune to sickness and miasma.
Your stone body is resilient. (AC +17)
You are immune to poison.
Your large and strong wings let you fly.
You resist negative energy. (rN+)
You are resistant to electric shocks. (rElec)
You are resistant to unholy torment.
You are immune to petrification.


   Skills:
 - Level 19.0 Fighting
 - Level 18.0 Axes
 - Level 10.0 Throwing
 + Level 21.5 Armour
 - Level 7.0 Dodging
 - Level 20.0 Shields
 - Level 10.0 Invocations


You had 22 spell levels left.
You didn't know any spells.
Your spell library was empty.

Inventory:

Hand Weapons
 j - the +8 broad axe "Keel" {freeze, Str+2}
   (Okawaru gifted it to you on level 3 of the Vaults)

   It freezes those it strikes, dealing additional cold damage.
   It can also slow down cold-blooded creatures.
   Str:       It affects your strength (+2).
 I - a +5 vampiric broad axe (weapon)
Missiles
 e - 14 silver javelins (quivered)
 g - 30 boomerangs
 i - 8 javelins
 n - 4 silver boomerangs
Armour
 c - the +1 cloak "Cajoeq" (worn) {Int+3 Dex+6 Stlth+}
   (Okawaru gifted it to you on level 4 of the Shoals)

   Int:       It affects your intelligence (+3).
   Dex:       It affects your dexterity (+6).
   Stlth:     It makes you more stealthy.
 k - a +2 pair of gloves (worn)
 p - the +7 tower shield of the Storm King (worn) {Fly rN+ rCorr Int+2}
   (Okawaru gifted it to you on level 1 of the Shoals)

   Int:       It affects your intelligence (+2).
   rN:        It protects you from negative energy.
   Fly:       It grants you flight.
   rCorr:     It protects you from acid and corrosion.
 t - a +2 pair of boots
 w - a +2 helmet of see invisible (worn)
 x - the +2 hat "Kerghuirch" {rC+ rCorr}
   (Okawaru gifted it to you on level 10 of the Dungeon)

   rC:        It protects you from cold.
   rCorr:     It protects you from acid and corrosion.
 y - +9 gold dragon scales
 A - the +0 pair of boots of the Ant (worn) {rC+ Int+7 Dex+3}
   (You found it on level 2 of the Shoals)

   Int:       It affects your intelligence (+7).
   Dex:       It affects your dexterity (+3).
   rC:        It protects you from cold.
 F - the +6 crystal plate armour of Jigsaw (worn) {*Corrode rF+ Str+4 Stlth+}
   (Okawaru gifted it to you on level 1 of the Snake Pit)

   Str:       It affects your strength (+4).
   rF:        It protects you from fire.
   *Corrode:  It may corrode you when you take damage.
   Stlth:     It makes you more stealthy.
Jewellery
 b - a ring of fire
 q - an amulet of regeneration (around neck)
 C - a +4 ring of evasion (right hand)
 D - an amulet of guardian spirit
 E - the ring of Ruucirim (left hand) {Drain rF+ Str+7 Dex-4 Slay+2}
   (You acquired it on level 4 of the Shoals)

   [ring of protection from fire]

   Str:       It affects your strength (+7).
   Dex:       It affects your dexterity (-4).
   Slay:      It affects your accuracy & damage with ranged weapons and melee
   (+2).
   rF:        It protects you from fire.
   Drain:     It drains your maximum health when unequipped.
Scrolls
 l - 34 scrolls of identify
 s - 11 scrolls of blinking
 u - a scroll of brand weapon
 B - 18 scrolls of teleportation
Potions
 a - 9 potions of attraction
 d - 9 potions of might
 f - 10 potions of mutation
 h - 3 potions of cancellation
 m - 4 potions of resistance
 o - 8 potions of lignification
 r - 25 potions of curing
 v - 8 potions of haste
 z - 3 potions of magic
 H - 7 potions of heal wounds

Dungeon Overview and Level Annotations

Branches:
Dungeon (15/15)            Temple (1/1) D:4            Lair (5/5) D:11
 Shoals (4/4) Lair:2        Snake (4/4) Lair:2        Slime (0/5) Lair:5
    Orc (2/2) D:9             Elf (0/3) Orc:2        Vaults (4/5) D:14
  Crypt (0/3) Vaults:3     Depths (3/4) D:15        Ossuary (visited)

Altars:
Ashenzari
Elyvilon
Hepliaklqana
Kikubaaqudgha
Makhleb
Nemelex Xobeh
Okawaru
Qazlal
Ru
Sif Muna
Trog
Vehumet
Wu Jian
Xom
Yredelemnul
Zin
The Shining One
Jiyva

Shops:
D:5 *   D:8 *   Orc:2 ?[!(   Snake:1 (:::   Snake:2 (   Snake:4 !!?!
Vaults:1 (   Vaults:4 *   Depths:3 ((*

Portals:
Hell: Lair:5 Depths:1 Depths:2 Depths:3
Abyss: Depths:3
Pandemonium: Depths:2
Ziggurat: Depths:3
Trove: D:14 (give +7 demon trident)

Annotations:
D:3 2 transporters, Menkaure
D:9 4 transporters
D:13 6 transporters
Shoals:1 1 runed translucent door
Shoals:2 2 transporters, Witt's ghost, adept GrFi
Snake:2 1 runed translucent door, Icun's ghost, journeyman GnWr
Depths:2 1 runed translucent door, qw's ghost, adept MiFi


Message History

49931 ||| FLEEEEING.
The daeva calls down the wrath of the Shining One upon you.
The Shining One smites you!
49932 ||| FLEEEEING.
49933 ||| FLEEEEING.
49934 ||| FLEEEEING.
The daeva calls down the wrath of the Shining One upon you.
The Shining One smites you!
49935 ||| FLEEEEING.
49936 ||| FLEEEEING.
49937 ||| FLEEEEING.
49938 ||| FLEEEEING.
49939 ||| FLEEEEING.
The daeva calls down the wrath of the Shining One upon you.
The Shining One smites you!
49940 ||| FLEEEEING.
49941 ||| FLEEEEING.
The daeva calls down the wrath of the Shining One upon you.
The Shining One smites you!
49942 ||| FLEEEEING.
49943 ||| FLEEEEING.
49944 ||| FLEEEEING.
The daeva calls down the wrath of the Shining One upon you.
The Shining One smites you!
49945 ||| FLEEEEING.
You are no longer corroded.
The daeva calls down the wrath of the Shining One upon you.
The Shining One smites you!
49946 ||| FLEEEEING.
You feel like a meek peon again.
49947 ||| FLEEEEING.
The daeva calls down the wrath of the Shining One upon you.
The Shining One smites you!
49948 ||| FLEEEEING.
49949 ||| FLEEEEING.
49950 ||| FLEEEEING.
49951 ||| FLEEEEING.
The daeva calls down the wrath of the Shining One upon you.
The Shining One smites you!
You die...

.###.#
#...>.#......#####
.##.##
#............# ##.##
#.######.....# #.##
#.# #.....# <## #.#
#.....# #.## #.#
#..(..# ##.## #.##
#.....# ##.## #..##
#.....# ###.#
##@..## #.....#
#.#.#
##..#..###.#####
#...# ##.#####.##.#
#.### #..#AAA#..#.#
#.# #.##A\.##...#
#.# #..#...#...##
#.# ##.#####.### #.#
##..#.:##
#.#############...##


You could see a daeva and 3 angels.

Vanquished Creatures
  Mara (Snake:4)
  2 juggernauts (Depths:2)
  Margery (Depths:3)
  Vv (Depths:2)
  Parghit (Depths:3)
  Vashnia (Snake:4)
  Saint Roka (Snake:4)
  A golden dragon (Depths:2)
  A tentacled monstrosity (Depths:2)
  2 liches
  Polyphemus (Shoals:2)
  5 sphinxes
  Agnes (Snake:1)
  2 krakens (Shoals:1)
  Roxanne (Snake:4)
  A storm dragon (Depths:3)
  A shadow dragon (Depths:2)
  2 tengu reavers
  5 nagarajas
  3 fire giants
  7 frost giants
  7 vault wardens
  An orc warlord (Vaults:3)
  Aizul (Snake:4)
  12 ironbound preservers
  2 war gargoyles
  A vampire knight (Depths:2)
  10 stone giants
  4 ironbound thunderhulks
  10 very ugly things
  An entropy weaver (Vaults:3)
  8 dire elephants
  3 spark wasps (Depths:2)
  2 minotaurs (Shoals:4)
  3 ettins
  5 crystal guardians
  7 fire dragons
  2 merfolk javelineers
  A green death (Depths:2)
  A merfolk impaler (Depths:1)
  Fannar (Lair:2)
  7 yaktaur captains
  6 salamander tyrants
  8 ironbound frosthearts
  Harold (D:9)
  7 vault guards
  5 great orbs of eyes
  5 peacekeepers
  19 hydras
  2 merfolk aquamancers (Shoals:2)
  3 rakshasas
  12 anacondas
  17 centaur warriors
  6 ice dragons
  5 two-headed ogres
  A spriggan air mage (Depths:1)
  5 merfolk avatars
  7 boulder beetles
  An alligator snapping turtle (Shoals:4)
  3 catoblepae
  5 tengu warriors
  Erica (D:11)
  2 dancing weapons (D:14)
  17 naga warriors
  12 satyrs
  4 death yaks (Shoals:2)
  3 deep troll shamans
  Urug (D:11)
  A deep troll earth mage (Depths:3)
  A thrashing horror (Abyss:2)
  5 orc high priests
  10 shock serpents
  3 spriggan berserkers
  Sonja (Lair:2)
  15 naga sharpshooters
  12 hell knights
  A sun demon (Lair:5)
  4 skeletal warriors (D:15)
  3 salamander mystics
  A sixfirhy (Depths:2)
  A swamp dragon (shapeshifter) (Vaults:4)
  8 sea snakes
  7 naga ritualists
  A glowing orange brain (Vaults:3)
  4 iron trolls (Depths:2)
  32 deep trolls
  8 lindwurms
  3 bog bodies (Shoals:2)
  2 flayed ghosts
  A phantasmal warrior (Vaults:1)
  5 wizards
  Pikel (D:4)
  11 ironbound convokers
  16 harpies
  8 necromancers
  7 orc knights
  A stone giant zombie (Vaults:3)
  A tengu skeleton (Vaults:3)
  3 deep elf pyromancers
  17 mana vipers
  4 orc sorcerers
  4 fauns
  23 ugly things
  2 large abominations (Abyss:2)
  14 cyclopes
  22 manticores
  23 salamanders
  9 merfolk sirens
  5 guardian serpents
  40 black mambas
  16 vault sentinels
  3 water nymphs
  Maurice (D:13)
  4 elephants (Lair:5)
  10 cane toads
  2 orange demons (Lair:5)
  A torpor snail (Lair:4)
  17 naga magi
  2 smoke demons
  13 rime drakes
  A gargoyle (D:11)
  7 komodo dragons
  An unseen horror (D:9)
  3 freezing wraiths
  2 kobold demonologists (D:11)
  18 yaktaurs
  5 ice devils
  A queen bee (Lair:3)
  6 trolls
  2 ancient zymes (Abyss:2)
  4 polar bears
  Grinder (D:4)
  18 merfolk
  4 wind drakes
  2 hornets
  14 blink frogs
  8 snapping turtles
  26 dream sheep
  An elf zombie (Vaults:3)
  22 slime creatures
  Sigmund (D:5)
  28 yaks
  7 wraiths
  2 ynoxinuls (Depths:2)
  20 water elementals
  15 wyverns
  14 basilisks
  3 steam dragons
  A redback (Vaults:3)
  Edmund (D:6)
  A glowing shapeshifter zombie (Vaults:3)
  45 nagas
  5 wargs
  4 acid dragons
  4 hell hounds (Lair:5)
  22 water moccasins
  30 orc warriors
  A sky beast (D:6)
  3 black bears
  2 ice beasts (D:8)
  5 ogres
  21 wolves
  4 boggarts (Vaults:1)
  A centaur (D:12)
  2 phantoms (D:7)
  2 lemures (D:4)
  5 kobold brigands
  15 bullfrogs
  2 necrophages
  3 scorpions
  A glowing shapeshifter simulacrum (Vaults:3)
  14 wights
  34 killer bees
  4 howler monkeys
  An electric eel (Lair:1)
  6 jellies
  3 gnoll boudas
  2 hounds
  33 orc priests
  3 iguanas
  Ijyb (D:3)
  Terence (D:3)
  39 orc wizards
  15 hell rats
  3 mummies (Ossuary)
  Robin (D:3)
  21 gnolls
  8 adders
  3 white imps
  2 ufetubi
  2 worms (D:2)
  4 dart slugs
  70 orcs
  5 ball pythons
  13 endoplasms
  2 giant cockroaches
  10 hobgoblins
  7 quokkas
  5 bats
  7 frilled lizards
  24 goblins
  2 goblin zombies (Ossuary)
  3 hobgoblin zombies (Ossuary)
  25 kobolds
  3 kobold zombies (Ossuary)
  An orc zombie (Ossuary)
  4 rats
  A butterfly (Depths:1)
  3 tentacles (Shoals:1)
1498 creatures vanquished.

Vanquished Creatures (others)
  An ice dragon (Depths:2)
  20 fungi
  67 plants
  6 tentacles (Shoals:1)
94 creatures vanquished.

Grand Total: 1592 creatures vanquished

Notes
Turn   | Place    | Note
-------+----------+-------------------------------------------
     0 | D:1      | qw the Gargoyle Fighter began the quest for the Orb.
     0 | D:1      | Reached XP level 1. HP: 14/14 MP: 1/1
     0 | D:1      | 0 ||| qw: Version: 0.1-a-108-g9e35731
     0 | D:1      | 0 ||| qw: Game counter: 6564
     0 | D:1      | 0 ||| qw: Always use a shield: true
     0 | D:1      | 0 ||| qw: God list: Okawaru
     0 | D:1      | 0 ||| qw: Allow faded altars: false
     0 | D:1      | 0 ||| qw: Do Orc after D:15 true
     0 | D:1      | 0 ||| qw: Do second Lair branch before Depths: true
     0 | D:1      | 0 ||| qw: Lair rune preference: random
     0 | D:1      | 0 ||| qw: Plans: Normal, Zot, God:TSO, Crypt, Tomb, Zig,
                  | Orb
     0 | D:1      | 0 ||| PLANNING D:1-11
    25 | D:1      | 25 ||| Stepping ~*~*~tactically~*~*~ (stealth).
   187 | D:1      | 187 ||| Stepping ~*~*~tactically~*~*~ (stealth).
   247 | D:1      | Reached XP level 2. HP: 19/19 MP: 2/2
   441 | D:1      | 441 ||| Stepping ~*~*~tactically~*~*~ (stealth).
   442 | D:1      | 442 ||| Stepping ~*~*~tactically~*~*~ (stealth).
   595 | D:1      | 595 ||| Stepping ~*~*~tactically~*~*~ (stealth).
   708 | D:1      | Reached skill level 3 in Axes
   936 | D:1      | Reached XP level 3. HP: 17/23 MP: 3/3
  1497 | D:1      | 1497 ||| UPGRADING to +0 chain mail.
  1507 | D:1      | 1507 ||| DROPPING +0 scale mail.
  1508 | D:1      | 1508 ||| UPGRADING to ring of positive energy.
  1509 | D:1      | 1509 ||| DROPPING ring of wizardry.
  1510 | D:1      | 1510 ||| READING scroll labelled OSATHR XUNILYAMIE.
  1511 | D:1      | 1511 ||| READING scroll labelled UGENKA VYSSOGGUQ.
  1512 | D:1      | 1512 ||| READING scroll labelled HEOPSEGEIF.
  1513 | D:1      | 1513 ||| READING scroll labelled TINUVY XY ENLU.
  1514 | D:1      | 1514 ||| READING 4 scrolls labelled GOL NYDUVOIPT.
  1725 | D:2      | Found a faded altar of an unknown god.
  1891 | D:2      | 1891 ||| Stepping ~*~*~tactically~*~*~ (stealth).
  1892 | D:2      | 1892 ||| Stepping ~*~*~tactically~*~*~ (stealth).
  2381 | D:2      | Reached XP level 4. HP: 28/28 MP: 4/4
  2387 | D:2      | 2387 ||| UPGRADING to +0 plate armour.
  2397 | D:2      | 2397 ||| DROPPING +0 chain mail.
  2398 | D:2      | 2398 ||| UPGRADING to ring of see invisible.
  2399 | D:2      | 2399 ||| READING 2 scrolls labelled ZEOLIURACI.
  2400 | D:2      | 2400 ||| READING scroll labelled YNIEGO ZOTUYMI.
  2405 | D:2      | 2405 ||| DRINKING 2 bubbling white potions.
  2406 | D:2      | 2406 ||| READING 4 scrolls of identify.
  2406 | D:2      | 2406 ||| IDENTIFYING purple potion
  2407 | D:2      | 2407 ||| DROPPING scroll of immolation.
  2491 | D:3      | Noticed Terence
  2494 | D:3      | 2494 ||| Stepping ~*~*~tactically~*~*~ (stealth).
  2501 | D:3      | Killed Terence
  2509 | D:3      | 2509 ||| FLEEEEING.
  2510 | D:3      | 2510 ||| FLEEEEING.
  2511 | D:3      | 2511 ||| FLEEEEING.
  2512 | D:3      | 2512 ||| FLEEEEING.
  2513 | D:3      | 2513 ||| FLEEEEING.
  2514 | D:3      | 2514 ||| FLEEEEING.
  2515 | D:3      | 2515 ||| FLEEEEING.
  2516 | D:3      | 2516 ||| FLEEEEING.
  2517 | D:3      | 2517 ||| FLEEEEING.
  2519 | D:3      | 2519 ||| FLEEEEING.
  2520 | D:3      | 2520 ||| FLEEEEING.
  2521 | D:3      | 2521 ||| FLEEEEING.
  2522 | D:3      | 2522 ||| FLEEEEING.
  2523 | D:3      | 2523 ||| FLEEEEING.
  2524 | D:3      | 2524 ||| STAIRDANCE
  2578 | D:2      | 2578 ||| READING scroll labelled KISCHY LOSU.
  2620 | D:3      | 2620 ||| Stepping ~*~*~tactically~*~*~ (stealth).
  2663 | D:3      | 2663 ||| DROPPING +0 whip.
  2728 | D:3      | Noticed Ijyb
  2729 | D:3      | 2729 ||| Stepping ~*~*~tactically~*~*~ (hiding).
  2730 | D:3      | 2730 ||| Stepping ~*~*~tactically~*~*~ (hiding).
  2736 | D:3      | Killed Ijyb
  2737 | D:3      | Reached XP level 5. HP: 32/32 MP: 5/5
  2860 | D:3      | Noticed Robin
  2871 | D:3      | Killed Robin
  2927 | D:3      | 2927 ||| Stepping ~*~*~tactically~*~*~ (stealth).
  3019 | D:3      | 3019 ||| Stepping ~*~*~tactically~*~*~ (hiding).
  3020 | D:3      | 3020 ||| Stepping ~*~*~tactically~*~*~ (hiding).
  3036 | D:3      | Found a transporter.
  3118 | D:3      | Found a transporter.
  3138 | D:3      | Found an ancient bone altar of Kikubaaqudgha.
  3140 | D:3      | Noticed Menkaure
  3145 | D:3      | 3145 ||| Stepping ~*~*~tactically~*~*~ (hiding).
  3152 | D:3      | 3152 ||| Stepping ~*~*~tactically~*~*~ (hiding).
  3163 | D:3      | Reached XP level 6. HP: 30/38 MP: 6/6
  3264 | D:3      | 3264 ||| Stepping ~*~*~tactically~*~*~ (stealth).
  3275 | D:3      | 3275 ||| Stepping ~*~*~tactically~*~*~ (stealth).
  3304 | D:3      | 3304 ||| Stepping ~*~*~tactically~*~*~ (stealth).
  3310 | D:3      | 3310 ||| FLEEEEING.
  3311 | D:3      | 3311 ||| FLEEEEING.
  3314 | D:3      | 3314 ||| FLEEEEING.
  3315 | D:3      | 3315 ||| FLEEEEING.
  3316 | D:3      | 3316 ||| FLEEEEING.
  3317 | D:3      | 3317 ||| FLEEEEING.
  3318 | D:3      | 3318 ||| FLEEEEING.
  3319 | D:3      | 3319 ||| FLEEEEING.
  3320 | D:3      | 3320 ||| FLEEEEING.
  3321 | D:3      | 3321 ||| FLEEEEING.
  3322 | D:3      | 3322 ||| FLEEEEING.
  3323 | D:3      | 3323 ||| FLEEEEING.
  3324 | D:3      | 3324 ||| FLEEEEING.
  3327 | D:3      | 3327 ||| FLEEEEING.
  3335 | D:3      | 3335 ||| Stepping ~*~*~tactically~*~*~ (stealth).
  3579 | D:3      | 3579 ||| Stepping ~*~*~tactically~*~*~ (stealth).
  3581 | D:3      | 3581 ||| Stepping ~*~*~tactically~*~*~ (stealth).
  3585 | D:3      | 3585 ||| Stepping ~*~*~tactically~*~*~ (stealth).
  3586 | D:3      | 3586 ||| Stepping ~*~*~tactically~*~*~ (stealth).
  3587 | D:3      | 3587 ||| Stepping ~*~*~tactically~*~*~ (stealth).
  3620 | D:3      | Found a glowing golden altar of the Shining One.
  3630 | D:3      | Found a basalt altar of Yredelemnul.
  3733 | D:3      | 3733 ||| UPGRADING to +0 helmet.
  3738 | D:3      | 3738 ||| READING 4 scrolls of identify.
  3738 | D:3      | 3738 ||| IDENTIFYING smoky green potion
  3765 | D:4      | Found a sacrificial altar of Ru.
  3865 | D:4      | Noticed Pikel
  3866 | D:4      | 3866 ||| Stepping ~*~*~tactically~*~*~ (stealth).
  3869 | D:4      | 3869 ||| Stepping ~*~*~tactically~*~*~ (stealth).
  3880 | D:4      | Killed Pikel
  3881 | D:4      | Reached XP level 7. HP: 19/43 MP: 7/7
  3960 | D:4      | 3960 ||| FLEEEEING.
  3961 | D:4      | 3961 ||| FLEEEEING.
  3967 | D:4      | 3967 ||| STAIRDANCE
  4048 | D:3      | 4048 ||| DROPPING ring of flight.
  4049 | D:3      | 4049 ||| UPGRADING to +6 ring of dexterity.
  4051 | D:3      | 4051 ||| READING scroll labelled AXIEZX FYDYQOE.
  4051 | D:3      | Identified a scroll of acquirement
  4051 | D:3      | 4051 ||| ACQUIRING +1 cloak of Joy {+Inv rPois}
  4051 | D:3      | Acquired the +1 cloak of Joy {+Inv rPois}
  4053 | D:3      | 4053 ||| UPGRADING to +1 cloak of Joy {+Inv rPois}.
  4058 | D:3      | 4058 ||| READING 3 scrolls of identify.
  4058 | D:3      | 4058 ||| IDENTIFYING black potion
  4059 | D:3      | 4059 ||| DROPPING potion of degeneration.
  4062 | D:4      | 4062 ||| Stepping ~*~*~tactically~*~*~ (hiding).
  4153 | D:4      | 4153 ||| Stepping ~*~*~tactically~*~*~ (stealth).
  4236 | D:4      | Found an ornate altar of the Wu Jian Council.
  4248 | D:4      | Noticed Grinder
  4249 | D:4      | 4249 ||| Stepping ~*~*~tactically~*~*~ (hiding).
  4264 | D:4      | Paralysed by Grinder for 5 turns
  4283 | D:4      | Paralysed by Grinder for 2 turns
  4290 | D:4      | Killed Grinder
  4291 | D:4      | Reached XP level 8. HP: 35/48 MP: 8/8
  4515 | D:4      | 4515 ||| Stepping ~*~*~tactically~*~*~ (hiding).
  4637 | D:4      | 4637 ||| Stepping ~*~*~tactically~*~*~ (stealth).
  4641 | D:4      | 4641 ||| Stepping ~*~*~tactically~*~*~ (stealth).
  4680 | D:4      | Found a staircase to the Ecumenical Temple.
  4681 | D:4      | 4681 ||| PLANNING TEMPLE
  4685 | Temple   | Entered the Ecumenical Temple
  4752 | Temple   | Became a worshipper of Warmaster Okawaru
  4759 | Temple   | 4759 ||| PLANNING D:1-11
  4800 | D:4      | 4800 ||| Stepping ~*~*~tactically~*~*~ (hiding).
  4812 | D:4      | Reached skill level 4 in Armour
  5073 | D:4      | 5073 ||| READING 2 scrolls of identify.
  5073 | D:4      | 5073 ||| IDENTIFYING bubbling orange potion
  5074 | D:4      | 5074 ||| DROPPING potion of flight.
  5114 | D:5      | Entered Level 5 of the Dungeon
  5147 | D:5      | 5147 ||| DROPPING +2 flail of holy wrath.
  5149 | D:5      | 5149 ||| Stepping ~*~*~tactically~*~*~ (hiding).
  5151 | D:5      | 5151 ||| Stepping ~*~*~tactically~*~*~ (hiding).
  5413 | D:5      | Reached skill level 1 in Throwing
  5716 | D:5      | Found Nikahou's Mayhem Merchandise.
  5725 | D:5      | 5725 ||| BUYING +0 broad axe (52 gold).
  5725 | D:5      | Bought a +0 broad axe for 52 gold pieces
  5725 | D:5      | 5725 ||| SWAPPING to +0 broad axe.
  5726 | D:5      | 5726 ||| DROPPING +0 war axe of electrocution.
  5947 | D:5      | Noticed Sigmund
  5948 | D:5      | 5948 ||| Stepping ~*~*~tactically~*~*~ (hiding).
  5950 | D:5      | 5950 ||| Stepping ~*~*~tactically~*~*~ (hiding).
  5958 | D:5      | 5958 ||| DRINKING potion of curing.
  5958 | D:5      | 5958 ||| (to cure confusion)
  5965 | D:5      | Killed Sigmund
  5965 | D:5      | Reached * piety under Okawaru
  5966 | D:5      | Reached skill level 5 in Armour
  6101 | D:5      | 6101 ||| Stepping ~*~*~tactically~*~*~ (stealth).
  6107 | D:5      | 6107 ||| Stepping ~*~*~tactically~*~*~ (hiding).
  6112 | D:5      | 6112 ||| INVOKING Heroism.
  6114 | D:5      | Reached XP level 9. HP: 53/54 MP: 6/9
  6119 | D:5      | Reached skill level 1 in Invocations
  6306 | D:5      | 6306 ||| DRINKING 3 fizzy yellow potions.
  6307 | D:5      | 6307 ||| DROPPING 2 potions of invisibility.
  6356 | D:6      | 6356 ||| INVOKING Heroism.
  6427 | D:6      | Noticed Edmund
  6428 | D:6      | 6428 ||| INVOKING Heroism.
  6438 | D:6      | Killed Edmund
  6439 | D:6      | Reached skill level 6 in Fighting
  6439 | D:6      | Reached skill level 3 in Invocations
  6462 | D:6      | Found a shimmering blue altar of Sif Muna.
  6467 | D:6      | 6467 ||| INVOKING Heroism.
  6489 | D:6      | 6489 ||| INVOKING Heroism.
  6554 | D:6      | 6554 ||| INVOKING Heroism.
  6661 | D:6      | 6661 ||| Stepping ~*~*~tactically~*~*~ (stealth).
  6662 | D:6      | 6662 ||| Stepping ~*~*~tactically~*~*~ (stealth).
  6917 | D:6      | 6917 ||| Stepping ~*~*~tactically~*~*~ (stealth).
  6924 | D:6      | 6924 ||| Stepping ~*~*~tactically~*~*~ (stealth).
  7134 | D:6      | Found a glowing silver altar of Zin.
  7138 | D:6      | 7138 ||| INVOKING Heroism.
  7263 | D:6      | Reached skill level 9 in Axes
  7741 | D:6      | 7741 ||| UPGRADING to ring of protection from cold.
  7795 | D:7      | 7795 ||| PLANNING OSSUARY
  7817 | D:7      | 7817 ||| INVOKING Heroism.
  7818 | D:7      | 7818 ||| Stepping ~*~*~tactically~*~*~ (stealth).
  7820 | D:7      | 7820 ||| Stepping ~*~*~tactically~*~*~ (stealth).
  7828 | D:7      | 7828 ||| Stepping ~*~*~tactically~*~*~ (stealth).
  7841 | D:7      | Reached ** piety under Okawaru
  7843 | D:7      | 7843 ||| INVOKING Heroism.
  7889 | D:7      | Found a sand-covered staircase.
  7894 | Ossuary  | Entered an ossuary
  7927 | Ossuary  | 7927 ||| Stepping ~*~*~tactically~*~*~ (stealth).
  7929 | Ossuary  | 7929 ||| Stepping ~*~*~tactically~*~*~ (stealth).
  7938 | Ossuary  | 7938 ||| Stepping ~*~*~tactically~*~*~ (stealth).
  7939 | Ossuary  | 7939 ||| Stepping ~*~*~tactically~*~*~ (stealth).
  7943 | Ossuary  | Reached skill level 6 in Armour
  7991 | Ossuary  | 7991 ||| Stepping ~*~*~tactically~*~*~ (stealth).
  7994 | Ossuary  | 7994 ||| Stepping ~*~*~tactically~*~*~ (stealth).
  8140 | Ossuary  | 8140 ||| Stepping ~*~*~tactically~*~*~ (stealth).
  8256 | Ossuary  | 8256 ||| READING scroll labelled QOOHYWKULL.
  8257 | Ossuary  | 8257 ||| DRINKING 2 brown potions.
  8361 | Ossuary  | 8361 ||| DRINKING 3 puce potions.
  8395 | Ossuary  | 8395 ||| READING 3 scrolls of identify.
  8395 | Ossuary  | 8395 ||| IDENTIFYING smoky blue potion
  8396 | Ossuary  | 8396 ||| DROPPING potion of berserk rage.
  8397 | Ossuary  | 8397 ||| DROPPING potion of brilliance.
  8426 | D:7      | 8426 ||| PLANNING D:1-11
  8834 | D:7      | Found a radiant altar of Vehumet.
  8851 | D:7      | Reached XP level 10. HP: 48/63 MP: 13/13
  9246 | D:8      | Found Woodufug's Assorted Antiques.
  9254 | D:8      | 9254 ||| BUYING scroll labelled BUBRU NOWA (31 gold).
  9254 | D:8      | Bought a scroll labelled BUBRU NOWA for 31 gold pieces
  9254 | D:8      | 9254 ||| BUYING scroll labelled POERUUJYRGH (31 gold).
  9254 | D:8      | Bought a scroll labelled POERUUJYRGH for 31 gold pieces
  9254 | D:8      | 9254 ||| BUYING scroll of identify (62 gold).
  9254 | D:8      | Bought a scroll of identify for 62 gold pieces
  9276 | D:8      | 9276 ||| Stepping ~*~*~tactically~*~*~ (stealth).
  9279 | D:8      | 9279 ||| Stepping ~*~*~tactically~*~*~ (stealth).
  9286 | D:8      | 9286 ||| INVOKING Heroism.
  9422 | D:8      | 9422 ||| INVOKING Heroism.
  9424 | D:8      | 9424 ||| Stepping ~*~*~tactically~*~*~ (cloud).
  9434 | D:8      | 9434 ||| Stepping ~*~*~tactically~*~*~ (stealth).
  9442 | D:8      | 9442 ||| INVOKING Heroism.
  9445 | D:8      | HP: 13/63 [hornet (7)]
  9446 | D:8      | 9446 ||| READING scroll of teleportation.
  9446 | D:8      | HP: 3/63 [hornet (6)]
  9450 | D:8      | Found a broken altar of Ashenzari.
  9453 | D:8      | HP: 3/63 [orc warrior/+2 dire flail of draining (2)]
  9457 | D:8      | HP: 1/64 [orc wizard/+0 dagger (2)]
  9857 | D:8      | 9857 ||| INVOKING Heroism.
  9865 | D:8      | 9865 ||| Stepping ~*~*~tactically~*~*~ (cloud).
  9872 | D:8      | 9872 ||| Stepping ~*~*~tactically~*~*~ (hiding).
  9911 | D:8      | Noticed a cyclops
  9911 | D:8      | 9911 ||| INVOKING Heroism.
  9922 | D:8      | Killed a cyclops
  9922 | D:8      | Reached *** piety under Okawaru
  9923 | D:8      | Reached skill level 7 in Armour
  9931 | D:8      | 9931 ||| INVOKING Heroism.
 10071 | D:8      | Found the +5 robe of Night {Dark Will+ SInv}
 10144 | D:8      | 10144 ||| Stepping ~*~*~tactically~*~*~ (stealth).
 10228 | D:8      | Found a hazy altar of Hepliaklqana.
 10271 | D:8      | 10271 ||| Stepping ~*~*~tactically~*~*~ (hiding).
 10277 | D:8      | 10277 ||| INVOKING Heroism.
 10474 | D:8      | 10474 ||| Stepping ~*~*~tactically~*~*~ (stealth).
 10612 | D:8      | 10612 ||| READING scroll labelled BUBRU NOWA.
 10613 | D:8      | 10613 ||| READING scroll labelled POERUUJYRGH.
 10614 | D:8      | 10614 ||| READING 6 scrolls of identify.
 10614 | D:8      | 10614 ||| IDENTIFYING fuming clear potion
 10624 | D:9      | 10624 ||| STAIRDANCE
 10629 | D:8      | 10629 ||| INVOKING Heroism.
 10768 | D:9      | 10768 ||| STAIRDANCE
 10890 | D:9      | 10890 ||| INVOKING Heroism.
 10984 | D:9      | 10984 ||| INVOKING Heroism.
 11109 | D:9      | 11109 ||| INVOKING Heroism.
 11123 | D:9      | Reached XP level 11. HP: 68/68 MP: 12/14
 11197 | D:9      | Noticed Harold
 11198 | D:9      | 11198 ||| Stepping ~*~*~tactically~*~*~ (hiding).
 11199 | D:9      | 11199 ||| Stepping ~*~*~tactically~*~*~ (hiding).
 11200 | D:9      | 11200 ||| Stepping ~*~*~tactically~*~*~ (hiding).
 11201 | D:9      | 11201 ||| INVOKING Heroism.
 11220 | D:9      | Killed Harold
 11270 | D:9      | 11270 ||| INVOKING Heroism.
 11539 | D:9      | 11539 ||| INVOKING Heroism.
 11544 | D:9      | Reached skill level 9 in Fighting
 11573 | D:9      | Reached **** piety under Okawaru
 11590 | D:9      | 11590 ||| FLEEEEING.
 11591 | D:9      | 11591 ||| FLEEEEING.
 11592 | D:9      | 11592 ||| FLEEEEING.
 11593 | D:9      | 11593 ||| INVOKING Heroism.
 11609 | D:9      | Reached skill level 8 in Armour
 11777 | D:9      | Found a staircase to the Orcish Mines.
 11835 | D:9      | Found a transporter.
 11837 | D:9      | Found a transporter.
 11947 | D:9      | You fall into a shaft and drop 2 floors!
 12022 | D:11     | Noticed a cyclops
 12023 | D:11     | 12023 ||| INVOKING Heroism.
 12032 | D:11     | Killed a cyclops
 12143 | D:11     | 12143 ||| INVOKING Heroism.
 12159 | D:11     | Noticed a sixfirhy
 12168 | D:11     | 12168 ||| INVOKING Heroism.
 12174 | D:11     | Noticed a sun demon
 12175 | D:11     | Noticed a sun demon
 12354 | D:11     | 12354 ||| INVOKING Heroism.
 12471 | D:11     | Noticed a cyclops
 12472 | D:11     | 12472 ||| INVOKING Heroism.
 12482 | D:11     | Killed a cyclops
 12589 | D:11     | 12589 ||| READING scroll labelled YXIFEITUUD.
 12590 | D:11     | 12590 ||| READING 7 scrolls of identify.
 12590 | D:11     | 12590 ||| IDENTIFYING golden potion
 12591 | D:11     | 12591 ||| DROPPING potion of ambrosia.
 12600 | D:10     | Entered Level 10 of the Dungeon
 12608 | D:10     | 12608 ||| INVOKING Heroism.
 12658 | D:10     | 12658 ||| INVOKING Heroism.
 12674 | D:10     | Reached skill level 6 in Invocations
 12674 | D:10     | Reached ***** piety under Okawaru
 12820 | D:10     | 12820 ||| READING scroll labelled JOTWESAOGU.
 12829 | D:10     | 12829 ||| Stepping ~*~*~tactically~*~*~ (stealth).
 12835 | D:10     | 12835 ||| INVOKING Heroism.
 12839 | D:10     | Identified the +2 hat "Kerghuirch" {rC+ rCorr} (Okawaru
                  | gifted it to you on level 10 of the Dungeon)
 12839 | D:10     | Received a gift from Okawaru
 12849 | D:10     | 12849 ||| Stepping ~*~*~tactically~*~*~ (hiding).
 12851 | D:10     | 12851 ||| INVOKING Heroism.
 12957 | D:10     | 12957 ||| FLEEEEING.
 12958 | D:10     | 12958 ||| FLEEEEING.
 12959 | D:10     | 12959 ||| FLEEEEING.
 12960 | D:10     | 12960 ||| STAIRDANCE
 13063 | D:9      | Found a transporter.
 13089 | D:9      | Found a transporter.
 13335 | D:9      | 13335 ||| READING 7 scrolls of identify.
 13335 | D:9      | 13335 ||| IDENTIFYING bubbling sapphire potion
 13392 | D:10     | 13392 ||| STAIRDANCE
 13480 | D:10     | 13480 ||| INVOKING Heroism.
 13651 | D:10     | 13651 ||| INVOKING Heroism.
 13991 | D:10     | 13991 ||| UPGRADING to +2 hat "Kerghuirch" {rC+ rCorr}.
 14001 | D:10     | 14001 ||| DROPPING +0 helmet.
 14002 | D:10     | 14002 ||| UPGRADING to amulet of regeneration.
 14007 | D:10     | 14007 ||| UPGRADING to ring of willpower.
 14009 | D:10     | 14009 ||| UPGRADING to +6 ring of dexterity.
 14040 | D:11     | 14040 ||| STAIRDANCE
 14042 | D:10     | 14042 ||| INVOKING Heroism.
 14048 | D:10     | Reached skill level 12 in Axes
 14059 | D:11     | 14059 ||| STAIRDANCE
 14059 | D:11     | Noticed Urug
 14067 | D:10     | Reached skill level 3 in Dodging
 14073 | D:10     | Reached XP level 12. HP: 76/76 MP: 17/17
 14195 | D:11     | 14195 ||| Stepping ~*~*~tactically~*~*~ (stealth).
 14199 | D:11     | 14199 ||| Stepping ~*~*~tactically~*~*~ (hiding).
 14200 | D:11     | 14200 ||| Stepping ~*~*~tactically~*~*~ (hiding).
 14204 | D:11     | 14204 ||| INVOKING Heroism.
 14220 | D:11     | Reached skill level 6 in Shields
 14227 | D:11     | HP: 17/76 [Urug/+1 vampiric great sword (9)]
 14228 | D:11     | 14228 ||| READING scroll of teleportation.
 14229 | D:11     | 14229 ||| DRINKING potion of heal wounds.
 14232 | D:11     | Killed Urug
 14319 | D:11     | Noticed a boulder beetle
 14320 | D:11     | 14320 ||| INVOKING Heroism.
 14352 | D:11     | Killed a boulder beetle
 14365 | D:11     | Noticed a centaur warrior
 14366 | D:11     | 14366 ||| Stepping ~*~*~tactically~*~*~ (hiding).
 14382 | D:11     | Killed a centaur warrior
 14421 | D:11     | Found a staircase to the Lair.
 14459 | D:11     | 14459 ||| INVOKING Heroism.
 14507 | D:11     | Noticed Erica
 14508 | D:11     | 14508 ||| INVOKING Heroism.
 14512 | D:11     | Killed Erica
 14513 | D:11     | Reached skill level 9 in Invocations
 14736 | D:11     | 14736 ||| INVOKING Heroism.
 14960 | D:11     | 14960 ||| PLANNING LAIR
 14960 | D:11     | 14960 ||| DROPPING amulet of faith.
 14961 | D:11     | 14961 ||| READING 8 scrolls of identify.
 14961 | D:11     | 14961 ||| IDENTIFYING red potion
 14974 | Lair:1   | Entered Level 1 of the Lair of Beasts
 15024 | Lair:1   | Reached skill level 3 in Throwing
 15029 | Lair:1   | 15029 ||| Stepping ~*~*~tactically~*~*~ (stealth).
 15030 | Lair:1   | 15030 ||| Stepping ~*~*~tactically~*~*~ (stealth).
 15032 | Lair:1   | 15032 ||| Stepping ~*~*~tactically~*~*~ (stealth).
 15034 | Lair:1   | 15034 ||| Stepping ~*~*~tactically~*~*~ (stealth).
 15036 | Lair:1   | 15036 ||| INVOKING Heroism.
 15447 | Lair:1   | Found the +5 demon whip "Spellbinder" {antimagic, Will+}
 15456 | Lair:1   | 15456 ||| DROPPING +0 morningstar.
 15935 | Lair:2   | Found a staircase to the Shoals.
 15936 | Lair:2   | 15936 ||| INVOKING Heroism.
 16024 | Lair:2   | 16024 ||| INVOKING Heroism.
 16117 | Lair:2   | 16117 ||| Stepping ~*~*~tactically~*~*~ (stealth).
 16119 | Lair:2   | 16119 ||| Stepping ~*~*~tactically~*~*~ (stealth).
 16130 | Lair:2   | 16130 ||| INVOKING Heroism.
 16165 | Lair:2   | 16165 ||| READING scroll of enchant armour.
 16165 | Lair:2   | 16165 ||| ENCHANTING +0 plate armour.
 16169 | Lair:2   | Found a staircase to the Snake Pit.
 16170 | Lair:2   | 16170 ||| Stepping ~*~*~tactically~*~*~ (stealth).
 16173 | Lair:2   | 16173 ||| INVOKING Heroism.
 16217 | Lair:2   | Noticed a seven-headed hydra
 16218 | Lair:2   | 16218 ||| INVOKING Finesse.
 16224 | Lair:2   | 16224 ||| SWAPPING to +5 demon whip "Spellbinder"
                  | {antimagic, Will+}.
 16228 | Lair:2   | Killed a seven-headed hydra
 16229 | Lair:2   | 16229 ||| SWAPPING to +1 broad axe.
 16343 | Lair:2   | 16343 ||| Stepping ~*~*~tactically~*~*~ (stealth).
 16344 | Lair:2   | 16344 ||| INVOKING Heroism.
 16358 | Lair:2   | Received a gift from Okawaru
 16446 | Lair:2   | Noticed a seven-headed hydra
 16447 | Lair:2   | 16447 ||| INVOKING Heroism.
 16448 | Lair:2   | 16448 ||| INVOKING Finesse.
 16450 | Lair:2   | 16450 ||| SWAPPING to +5 demon whip "Spellbinder"
                  | {antimagic, Will+}.
 16455 | Lair:2   | Killed a seven-headed hydra
 16456 | Lair:2   | Reached XP level 13. HP: 82/82 MP: 6/20
 16456 | Lair:2   | 16456 ||| SWAPPING to +1 broad axe.
 16465 | Lair:2   | Reached skill level 9 in Armour
 16566 | Lair:2   | 16566 ||| READING scroll of enchant armour.
 16566 | Lair:2   | 16566 ||| ENCHANTING +1 plate armour.
 16692 | Lair:2   | Noticed Sonja
 16693 | Lair:2   | 16693 ||| INVOKING Finesse.
 16713 | Lair:2   | Killed Sonja
 16740 | Lair:2   | Noticed Fannar
 16742 | Lair:2   | 16742 ||| Stepping ~*~*~tactically~*~*~ (hiding).
 16743 | Lair:2   | 16743 ||| Stepping ~*~*~tactically~*~*~ (hiding).
 16745 | Lair:2   | 16745 ||| Stepping ~*~*~tactically~*~*~ (hiding).
 16780 | Lair:2   | 16780 ||| INVOKING Heroism.
 16783 | Lair:2   | 16783 ||| Stepping ~*~*~tactically~*~*~ (hiding).
 16786 | Lair:2   | Killed Fannar
 17043 | Lair:2   | 17043 ||| Stepping ~*~*~tactically~*~*~ (hiding).
 17103 | Lair:2   | 17103 ||| Stepping ~*~*~tactically~*~*~ (stealth).
 17223 | Lair:2   | 17223 ||| DROPPING +0 hat of stealth.
 17224 | Lair:2   | 17224 ||| READING 11 scrolls of identify.
 17224 | Lair:2   | 17224 ||| IDENTIFYING cyan potion
 17286 | Lair:3   | 17286 ||| INVOKING Heroism.
 17291 | Lair:3   | 17291 ||| INVOKING Finesse.
 17357 | Lair:3   | Identified the +3 leather armour of Dufolil {Harm Str+3
                  | Int+4}
 17479 | Lair:3   | 17479 ||| INVOKING Heroism.
 17480 | Lair:3   | 17480 ||| INVOKING Finesse.
 17482 | Lair:3   | 17482 ||| SWAPPING to +5 demon whip "Spellbinder"
                  | {antimagic, Will+}.
 17489 | Lair:3   | 17489 ||| SWAPPING to +1 broad axe.
 17628 | Lair:3   | 17628 ||| Stepping ~*~*~tactically~*~*~ (hiding).
 17631 | Lair:3   | 17631 ||| INVOKING Heroism.
 17644 | Lair:3   | 17644 ||| Stepping ~*~*~tactically~*~*~ (cloud).
 17647 | Lair:3   | 17647 ||| Stepping ~*~*~tactically~*~*~ (cloud).
 17836 | Lair:3   | 17836 ||| Stepping ~*~*~tactically~*~*~ (stealth).
 17837 | Lair:3   | 17837 ||| INVOKING Heroism.
 17890 | Lair:3   | 17890 ||| Stepping ~*~*~tactically~*~*~ (stealth).
 17917 | Lair:3   | 17917 ||| INVOKING Heroism.
 17956 | Lair:3   | 17956 ||| INVOKING Heroism.
 18016 | Lair:3   | 18016 ||| INVOKING Heroism.
 18458 | Lair:3   | 18458 ||| READING scroll labelled BEDEIMN RAOCH.
 18605 | Lair:4   | 18605 ||| INVOKING Heroism.
 18607 | Lair:4   | 18607 ||| SWAPPING to +5 demon whip "Spellbinder"
                  | {antimagic, Will+}.
 18616 | Lair:4   | 18616 ||| SWAPPING to +1 broad axe.
 18716 | Lair:4   | 18716 ||| Stepping ~*~*~tactically~*~*~ (stealth).
 18726 | Lair:4   | 18726 ||| Stepping ~*~*~tactically~*~*~ (stealth).
 18730 | Lair:4   | 18730 ||| INVOKING Heroism.
 18743 | Lair:4   | 18743 ||| SWAPPING to +5 demon whip "Spellbinder"
                  | {antimagic, Will+}.
 18756 | Lair:4   | 18756 ||| SWAPPING to +1 broad axe.
 18862 | Lair:4   | 18862 ||| Stepping ~*~*~tactically~*~*~ (stealth).
 18864 | Lair:4   | 18864 ||| Stepping ~*~*~tactically~*~*~ (stealth).
 18885 | Lair:4   | 18885 ||| INVOKING Heroism.
 18896 | Lair:4   | 18896 ||| SWAPPING to +5 demon whip "Spellbinder"
                  | {antimagic, Will+}.
 18898 | Lair:4   | 18898 ||| SWAPPING to +1 broad axe.
 18903 | Lair:4   | 18903 ||| SWAPPING to +5 demon whip "Spellbinder"
                  | {antimagic, Will+}.
 18913 | Lair:4   | 18913 ||| SWAPPING to +1 broad axe.
 18935 | Lair:4   | 18935 ||| INVOKING Heroism.
 19095 | Lair:4   | 19095 ||| INVOKING Heroism.
 19096 | Lair:4   | 19096 ||| INVOKING Finesse.
 19097 | Lair:4   | 19097 ||| SWAPPING to +5 demon whip "Spellbinder"
                  | {antimagic, Will+}.
 19105 | Lair:4   | 19105 ||| SWAPPING to +1 broad axe.
 19156 | Lair:4   | 19156 ||| Stepping ~*~*~tactically~*~*~ (stealth).
 19196 | Lair:4   | 19196 ||| INVOKING Heroism.
 19199 | Lair:4   | 19199 ||| SWAPPING to +5 demon whip "Spellbinder"
                  | {antimagic, Will+}.
 19208 | Lair:4   | 19208 ||| SWAPPING to +1 broad axe.
 19307 | Lair:4   | 19307 ||| Stepping ~*~*~tactically~*~*~ (stealth).
 19320 | Lair:4   | 19320 ||| Stepping ~*~*~tactically~*~*~ (stealth).
 19321 | Lair:4   | 19321 ||| Stepping ~*~*~tactically~*~*~ (stealth).
 19322 | Lair:4   | 19322 ||| Stepping ~*~*~tactically~*~*~ (stealth).
 19324 | Lair:4   | Reached skill level 15 in Axes
 19570 | Lair:4   | 19570 ||| INVOKING Heroism.
 19571 | Lair:4   | 19571 ||| SWAPPING to +5 demon whip "Spellbinder"
                  | {antimagic, Will+}.
 19572 | Lair:4   | 19572 ||| INVOKING Finesse.
 19578 | Lair:4   | Received a gift from Okawaru
 19579 | Lair:4   | Gained mutation: Your large and strong wings let you fly.
                  | [Gargoyle growth]
 19579 | Lair:4   | Reached XP level 14. HP: 79/90 MP: 1/21
 19579 | Lair:4   | 19579 ||| SWAPPING to +1 broad axe.
 19718 | Lair:4   | Reached skill level 10 in Armour
 20086 | Lair:4   | 20086 ||| INVOKING Heroism.
 20087 | Lair:4   | 20087 ||| SWAPPING to +5 demon whip "Spellbinder"
                  | {antimagic, Will+}.
 20088 | Lair:4   | 20088 ||| INVOKING Finesse.
 20097 | Lair:4   | 20097 ||| SWAPPING to +1 broad axe.
 20224 | Lair:4   | 20224 ||| INVOKING Heroism.
 20251 | Lair:4   | Received a gift from Okawaru
 20255 | Lair:4   | 20255 ||| INVOKING Heroism.
 20373 | Lair:4   | 20373 ||| UPGRADING to +2 pair of boots.
 20378 | Lair:4   | 20378 ||| READING scroll labelled POERI QILOPNA.
 20411 | Lair:5   | Entered Level 5 of the Lair of Beasts
 20412 | Lair:5   | 20412 ||| STAIRDANCE
 20423 | Lair:5   | 20423 ||| STAIRDANCE
 20425 | Lair:4   | 20425 ||| INVOKING Heroism.
 20473 | Lair:5   | 20473 ||| STAIRDANCE
 20475 | Lair:4   | 20475 ||| SWAPPING to +5 demon whip "Spellbinder"
                  | {antimagic, Will+}.
 20476 | Lair:4   | 20476 ||| INVOKING Finesse.
 20482 | Lair:4   | Received a gift from Okawaru
 20483 | Lair:4   | Reached skill level 12 in Fighting
 20483 | Lair:4   | 20483 ||| SWAPPING to +1 broad axe.
 20488 | Lair:4   | 20488 ||| INVOKING Heroism.
 20614 | Lair:5   | 20614 ||| INVOKING Heroism.
 20627 | Lair:5   | 20627 ||| Stepping ~*~*~tactically~*~*~ (stealth).
 20628 | Lair:5   | 20628 ||| Stepping ~*~*~tactically~*~*~ (stealth).
 20629 | Lair:5   | 20629 ||| Stepping ~*~*~tactically~*~*~ (stealth).
 20631 | Lair:5   | 20631 ||| INVOKING Finesse.
 20647 | Lair:5   | Received a gift from Okawaru
 20660 | Lair:5   | 20660 ||| INVOKING Heroism.
 20682 | Lair:5   | 20682 ||| Stepping ~*~*~tactically~*~*~ (stealth).
 20683 | Lair:5   | 20683 ||| Stepping ~*~*~tactically~*~*~ (stealth).
 20687 | Lair:5   | 20687 ||| Stepping ~*~*~tactically~*~*~ (stealth).
 20695 | Lair:5   | 20695 ||| Stepping ~*~*~tactically~*~*~ (stealth).
 20703 | Lair:5   | 20703 ||| Stepping ~*~*~tactically~*~*~ (stealth).
 20704 | Lair:5   | 20704 ||| Stepping ~*~*~tactically~*~*~ (stealth).
 20706 | Lair:5   | 20706 ||| Stepping ~*~*~tactically~*~*~ (stealth).
 20709 | Lair:5   | 20709 ||| Stepping ~*~*~tactically~*~*~ (stealth).
 20714 | Lair:5   | 20714 ||| Stepping ~*~*~tactically~*~*~ (hiding).
 20724 | Lair:5   | 20724 ||| INVOKING Heroism.
 20773 | Lair:5   | 20773 ||| Stepping ~*~*~tactically~*~*~ (stealth).
 20774 | Lair:5   | 20774 ||| Stepping ~*~*~tactically~*~*~ (stealth).
 20810 | Lair:5   | 20810 ||| Stepping ~*~*~tactically~*~*~ (stealth).
 20853 | Lair:5   | 20853 ||| INVOKING Heroism.
 20854 | Lair:5   | 20854 ||| INVOKING Finesse.
 20857 | Lair:5   | 20857 ||| SWAPPING to +5 demon whip "Spellbinder"
                  | {antimagic, Will+}.
 20862 | Lair:5   | Received a gift from Okawaru
 20863 | Lair:5   | 20863 ||| SWAPPING to +1 broad axe.
 20960 | Lair:5   | 20960 ||| INVOKING Heroism.
 20961 | Lair:5   | 20961 ||| INVOKING Finesse.
 21100 | Lair:5   | 21100 ||| INVOKING Heroism.
 21101 | Lair:5   | 21101 ||| INVOKING Finesse.
 21103 | Lair:5   | 21103 ||| SWAPPING to +5 demon whip "Spellbinder"
                  | {antimagic, Will+}.
 21108 | Lair:5   | 21108 ||| SWAPPING to +1 broad axe.
 21213 | Lair:5   | 21213 ||| INVOKING Heroism.
 21214 | Lair:5   | 21214 ||| INVOKING Finesse.
 21216 | Lair:5   | 21216 ||| SWAPPING to +5 demon whip "Spellbinder"
                  | {antimagic, Will+}.
 21227 | Lair:5   | 21227 ||| SWAPPING to +1 broad axe.
 21313 | Lair:5   | Found a staircase to the Slime Pits.
 21314 | Lair:5   | Found a viscous altar of Jiyva.
 21323 | Lair:5   | 21323 ||| INVOKING Heroism.
 21324 | Lair:5   | 21324 ||| INVOKING Finesse.
 21326 | Lair:5   | 21326 ||| SWAPPING to +5 demon whip "Spellbinder"
                  | {antimagic, Will+}.
 21331 | Lair:5   | 21331 ||| SWAPPING to +1 broad axe.
 21560 | Lair:5   | 21560 ||| INVOKING Heroism.
 21634 | Lair:5   | 21634 ||| INVOKING Heroism.
 21635 | Lair:5   | 21635 ||| SWAPPING to +5 demon whip "Spellbinder"
                  | {antimagic, Will+}.
 21636 | Lair:5   | 21636 ||| INVOKING Finesse.
 21643 | Lair:5   | 21643 ||| Stepping ~*~*~tactically~*~*~ (outnumbered).
 21644 | Lair:5   | 21644 ||| Stepping ~*~*~tactically~*~*~ (outnumbered).
 21648 | Lair:5   | 21648 ||| SWAPPING to +1 broad axe.
 21662 | Lair:5   | Reached skill level 11 in Armour
 21789 | Lair:5   | 21789 ||| INVOKING Heroism.
 21790 | Lair:5   | 21790 ||| SWAPPING to +5 demon whip "Spellbinder"
                  | {antimagic, Will+}.
 21792 | Lair:5   | 21792 ||| Stepping ~*~*~tactically~*~*~ (stealth).
 21798 | Lair:5   | 21798 ||| SWAPPING to +1 broad axe.
 21900 | Lair:5   | 21900 ||| Stepping ~*~*~tactically~*~*~ (hiding).
 22024 | Lair:5   | 22024 ||| Stepping ~*~*~tactically~*~*~ (hiding).
 22031 | Lair:5   | 22031 ||| Stepping ~*~*~tactically~*~*~ (hiding).
 22037 | Abyss:2  | Cast into level 2 of the Abyss (a wizard)
 22138 | Abyss:2  | Reached XP level 15. HP: 95/96 MP: 22/22
 22173 | Abyss:2  | 22173 ||| INVOKING Heroism.
 22191 | Abyss:2  | Identified the +1 troll leather armour "Zoips" {+Blink
                  | Will+ Regen+ Int+2} (Okawaru gifted it to you on level 2 of
                  | the Abyss)
 22191 | Abyss:2  | Received a gift from Okawaru
 22204 | Abyss:2  | 22204 ||| Stepping ~*~*~tactically~*~*~ (stealth).
 22247 | Lair:5   | Escaped the Abyss
 22254 | Lair:5   | 22254 ||| Stepping ~*~*~tactically~*~*~ (hiding).
 22256 | Lair:5   | 22256 ||| Stepping ~*~*~tactically~*~*~ (hiding).
 22361 | Lair:5   | Found a burning altar of Makhleb.
 22364 | Lair:5   | 22364 ||| Stepping ~*~*~tactically~*~*~ (stealth).
 22366 | Lair:5   | 22366 ||| Stepping ~*~*~tactically~*~*~ (stealth).
 22379 | Lair:5   | 22379 ||| INVOKING Heroism.
 22392 | Lair:5   | 22392 ||| Stepping ~*~*~tactically~*~*~ (hiding).
 22393 | Lair:5   | 22393 ||| INVOKING Finesse.
 22459 | Lair:5   | Found a gateway to Hell.
 22519 | Lair:5   | 22519 ||| INVOKING Heroism.
 22520 | Lair:5   | 22520 ||| INVOKING Finesse.
 22521 | Lair:5   | 22521 ||| SWAPPING to +5 demon whip "Spellbinder"
                  | {antimagic, Will+}.
 22530 | Lair:5   | 22530 ||| SWAPPING to +1 broad axe.
 22628 | Lair:5   | 22628 ||| INVOKING Heroism.
 22631 | Lair:5   | 22631 ||| SWAPPING to +5 demon whip "Spellbinder"
                  | {antimagic, Will+}.
 22638 | Lair:5   | 22638 ||| SWAPPING to +1 broad axe.
 22794 | Lair:5   | 22794 ||| Stepping ~*~*~tactically~*~*~ (stealth).
 22798 | Lair:5   | 22798 ||| INVOKING Heroism.
 22823 | Lair:5   | 22823 ||| READING scroll of enchant weapon.
 22823 | Lair:5   | 22823 ||| ENCHANTING +1 broad axe.
 23147 | Lair:5   | 23147 ||| PLANNING D
 23147 | Lair:5   | 23147 ||| UPGRADING to +0 pair of gloves.
 23152 | Lair:5   | 23152 ||| DROPPING ring of ice.
 23300 | D:12     | 23300 ||| STAIRDANCE
 23309 | D:12     | 23309 ||| STAIRDANCE
 23333 | D:12     | 23333 ||| STAIRDANCE
 23366 | D:12     | 23366 ||| READING 2 scrolls of enchant weapon.
 23366 | D:12     | 23366 ||| ENCHANTING +2 broad axe.
 23367 | D:12     | 23367 ||| READING scroll of enchant weapon.
 23367 | D:12     | 23367 ||| ENCHANTING +3 broad axe.
 23446 | D:12     | 23446 ||| Stepping ~*~*~tactically~*~*~ (hiding).
 23456 | D:12     | 23456 ||| Stepping ~*~*~tactically~*~*~ (hiding).
 23457 | D:12     | 23457 ||| Stepping ~*~*~tactically~*~*~ (hiding).
 23460 | D:12     | 23460 ||| Stepping ~*~*~tactically~*~*~ (hiding).
 23464 | D:12     | 23464 ||| INVOKING Heroism.
 23523 | D:12     | 23523 ||| INVOKING Heroism.
 23684 | D:12     | 23684 ||| FLEEEEING.
 23685 | D:12     | 23685 ||| FLEEEEING.
 23686 | D:12     | 23686 ||| FLEEEEING.
 23687 | D:12     | 23687 ||| FLEEEEING.
 23690 | D:12     | Reached skill level 12 in Armour
 23742 | D:12     | 23742 ||| Stepping ~*~*~tactically~*~*~ (stealth).
 23888 | D:13     | 23888 ||| STAIRDANCE
 24056 | D:13     | Found a transporter.
 24063 | D:13     | Found a transporter.
 24149 | D:13     | Received a gift from Okawaru
 24368 | D:13     | Found a transporter.
 24371 | D:13     | Found a transporter.
 24372 | D:13     | 24372 ||| FLEEEEING.
 24374 | D:13     | 24374 ||| FLEEEEING.
 24378 | D:13     | 24378 ||| FLEEEEING.
 24379 | D:13     | 24379 ||| FLEEEEING.
 24382 | D:13     | 24382 ||| FLEEEEING.
 24384 | D:13     | 24384 ||| FLEEEEING.
 24385 | D:13     | 24385 ||| FLEEEEING.
 24386 | D:13     | 24386 ||| FLEEEEING.
 24387 | D:13     | 24387 ||| FLEEEEING.
 24388 | D:13     | 24388 ||| FLEEEEING.
 24389 | D:13     | 24389 ||| FLEEEEING.
 24390 | D:13     | 24390 ||| FLEEEEING.
 24391 | D:13     | 24391 ||| FLEEEEING.
 24392 | D:13     | 24392 ||| FLEEEEING.
 24458 | D:13     | 24458 ||| INVOKING Heroism.
 24459 | D:13     | 24459 ||| Stepping ~*~*~tactically~*~*~ (stealth).
 24471 | D:13     | 24471 ||| READING 4 scrolls of teleportation.
 24513 | D:13     | Found a transporter.
 24513 | D:13     | Found a transporter.
 24514 | D:13     | Noticed Maurice
 24515 | D:13     | 24515 ||| Stepping ~*~*~tactically~*~*~ (hiding).
 24524 | D:13     | 24524 ||| Stepping ~*~*~tactically~*~*~ (hiding).
 24537 | D:13     | Killed Maurice
 24648 | D:13     | 24648 ||| Stepping ~*~*~tactically~*~*~ (stealth).
 24659 | D:13     | 24659 ||| INVOKING Heroism.
 24730 | D:13     | 24730 ||| DROPPING ring of protection from cold.
 24731 | D:13     | 24731 ||| DROPPING ring of positive energy.
 24732 | D:13     | 24732 ||| DROPPING ring of willpower.
 24733 | D:13     | 24733 ||| UPGRADING to +6 ring of strength.
 24765 | D:14     | 24765 ||| INVOKING Heroism.
 24792 | D:14     | Found a gate to the Vaults.
 24812 | D:14     | Found a portal to a secret trove of treasure.
 24843 | D:14     | 24843 ||| Stepping ~*~*~tactically~*~*~ (hiding).
 25254 | D:14     | 25254 ||| READING 3 scrolls of teleportation.
 25365 | D:14     | Reached skill level 6 in Throwing
 25451 | D:14     | Identified the +8 mace "Bimo" {elec, rF- Str+5 Stlth+}
 25540 | D:14     | 25540 ||| Stepping ~*~*~tactically~*~*~ (hiding).
 25712 | D:14     | 25712 ||| Stepping ~*~*~tactically~*~*~ (hiding).
 25794 | D:14     | 25794 ||| READING 2 scrolls of teleportation.
 25795 | D:14     | 25795 ||| Stepping ~*~*~tactically~*~*~ (hiding).
 25796 | D:14     | 25796 ||| Stepping ~*~*~tactically~*~*~ (hiding).
 25915 | D:14     | 25915 ||| READING scroll of teleportation.
 26300 | D:15     | Entered Level 15 of the Dungeon
 26392 | D:15     | 26392 ||| INVOKING Heroism.
 26663 | D:15     | 26663 ||| Stepping ~*~*~tactically~*~*~ (hiding).
 26667 | D:15     | 26667 ||| INVOKING Heroism.
 26677 | D:15     | HP: 23/98 [fire dragon/blast of flame (12)]
 26678 | D:15     | 26678 ||| DRINKING 7 potions of heal wounds.
 26686 | D:15     | Received a gift from Okawaru
 26758 | D:15     | Found a staircase to the Depths.
 26865 | D:15     | 26865 ||| Stepping ~*~*~tactically~*~*~ (hiding).
 26870 | D:15     | 26870 ||| INVOKING Heroism.
 26950 | D:15     | 26950 ||| INVOKING Heroism.
 26955 | D:15     | Reached XP level 16. HP: 93/104 MP: 20/23
 26958 | D:15     | 26958 ||| Stepping ~*~*~tactically~*~*~ (stealth).
 26962 | D:15     | 26962 ||| Stepping ~*~*~tactically~*~*~ (stealth).
 27158 | D:15     | 27158 ||| Stepping ~*~*~tactically~*~*~ (hiding).
 27162 | D:15     | 27162 ||| INVOKING Heroism.
 27212 | D:15     | 27212 ||| PLANNING ORC
 27368 | Orc:1    | Entered Level 1 of the Orcish Mines
 27369 | Orc:1    | 27369 ||| INVOKING Heroism.
 27398 | Orc:1    | Paralysed by an orc sorcerer for 3 turns
 27507 | Orc:1    | 27507 ||| Stepping ~*~*~tactically~*~*~ (hiding).
 27509 | Orc:1    | 27509 ||| Stepping ~*~*~tactically~*~*~ (hiding).
 27518 | Orc:1    | Received a gift from Okawaru
 27750 | Orc:2    | Entered Level 2 of the Orcish Mines
 27754 | Orc:2    | 27754 ||| INVOKING Heroism.
 27794 | Orc:2    | 27794 ||| STAIRDANCE
 27799 | Orc:2    | 27799 ||| INVOKING Heroism.
 27800 | Orc:2    | 27800 ||| STAIRDANCE
 27815 | Orc:2    | 27815 ||| STAIRDANCE
 27853 | Orc:2    | 27853 ||| Stepping ~*~*~tactically~*~*~ (stealth).
 27860 | Orc:2    | 27860 ||| Stepping randomly (stuck).
 27861 | Orc:2    | 27861 ||| Stepping randomly (stuck).
 27862 | Orc:2    | 27862 ||| Stepping randomly (stuck).
 27863 | Orc:2    | 27863 ||| Stepping randomly (stuck).
 27868 | Orc:2    | 27868 ||| Stepping randomly (stuck).
 27871 | Orc:2    | 27871 ||| Stepping randomly (stuck).
 27887 | Orc:2    | 27887 ||| Stepping ~*~*~tactically~*~*~ (hiding).
 27890 | Orc:2    | 27890 ||| INVOKING Heroism.
 27915 | Orc:2    | 27915 ||| Stepping ~*~*~tactically~*~*~ (stealth).
 27992 | Orc:2    | 27992 ||| INVOKING Heroism.
 28015 | Orc:2    | 28015 ||| FLEEEEING.
 28016 | Orc:2    | 28016 ||| FLEEEEING.
 28017 | Orc:2    | 28017 ||| FLEEEEING.
 28018 | Orc:2    | 28018 ||| FLEEEEING.
 28023 | Orc:2    | 28023 ||| INVOKING Heroism.
 28040 | Orc:2    | 28040 ||| INVOKING Finesse.
 28041 | Orc:2    | HP: 20/104 [orc priest/divine providence (12)]
 28042 | Orc:2    | 28042 ||| READING scroll of teleportation.
 28043 | Orc:2    | 28043 ||| DRINKING 6 potions of heal wounds.
 28047 | Orc:2    | Found Fag Feim's Antique Weapon Boutique.
 28047 | Orc:2    | Found Ater Xer's Magic Scroll Shop.
 28047 | Orc:2    | Found Poaciwn's Antique Armour Shop.
 28051 | Orc:2    | Found Voraw's Distillery.
 28064 | Orc:2    | HP: 26/104 [orc priest/divine providence (12)]
 28065 | Orc:2    | 28065 ||| DRINKING 5 potions of heal wounds.
 28074 | Orc:2    | HP: 26/104 [sun demon[an orc high priest] (4)]
 28074 | Orc:2    | HP: 10/104 [sun demon[an orc high priest] (16)]
 28075 | Orc:2    | 28075 ||| DRINKING 4 potions of heal wounds.
 28076 | Orc:2    | 28076 ||| DRINKING 3 potions of heal wounds.
 28078 | Orc:2    | 28078 ||| DRINKING 2 potions of heal wounds.
 28080 | Orc:2    | Reached skill level 18 in Axes
 28081 | Orc:2    | HP: 25/104 [sun demon[an orc high priest] (12)]
 28082 | Orc:2    | 28082 ||| DRINKING potion of heal wounds.
 28092 | Orc:2    | 28092 ||| INVOKING Heroism.
 28178 | Orc:2    | 28178 ||| BUYING glowing chain mail (255 gold).
 28178 | Orc:2    | Bought a glowing chain mail for 255 gold pieces
 28178 | Orc:2    | 28178 ||| BUYING glowing orb (408 gold).
 28178 | Orc:2    | Bought a glowing orb for 408 gold pieces
 28178 | Orc:2    | 28178 ||| BUYING runed helmet (255 gold).
 28178 | Orc:2    | Bought a runed helmet for 255 gold pieces
 28178 | Orc:2    | 28178 ||| BUYING shiny chain mail (255 gold).
 28178 | Orc:2    | Bought a shiny chain mail for 255 gold pieces
 28180 | Orc:2    | 28180 ||| BUYING potion of curing (36 gold).
 28180 | Orc:2    | Bought a potion of curing for 36 gold pieces
 28180 | Orc:2    | 28180 ||| BUYING potion of curing (36 gold).
 28180 | Orc:2    | Bought a potion of curing for 36 gold pieces
 28180 | Orc:2    | 28180 ||| BUYING potion of curing (36 gold).
 28180 | Orc:2    | Bought a potion of curing for 36 gold pieces
 28180 | Orc:2    | 28180 ||| BUYING potion of haste (120 gold).
 28180 | Orc:2    | Bought a potion of haste for 120 gold pieces
 28181 | Orc:2    | 28181 ||| BUYING scroll of blinking (127 gold).
 28181 | Orc:2    | Bought a scroll of blinking for 127 gold pieces
 28181 | Orc:2    | 28181 ||| BUYING scroll of teleportation (51 gold).
 28181 | Orc:2    | Bought a scroll of teleportation for 51 gold pieces
 28181 | Orc:2    | 28181 ||| BUYING scroll of teleportation (51 gold).
 28181 | Orc:2    | Bought a scroll of teleportation for 51 gold pieces
 28181 | Orc:2    | 28181 ||| BUYING scroll of teleportation (51 gold).
 28181 | Orc:2    | Bought a scroll of teleportation for 51 gold pieces
 28373 | Orc:2    | Found a staircase to the Elven Halls.
 28566 | Orc:2    | 28566 ||| DROPPING +1 chain mail of cold resistance.
 28567 | Orc:2    | 28567 ||| DROPPING orb of energy.
 28568 | Orc:2    | 28568 ||| DROPPING +4 chain mail.
 28600 | Orc:1    | 28600 ||| INVOKING Heroism.
 28659 | Orc:1    | 28659 ||| PLANNING SHOALS:1-3
 28794 | Shoals:1 | Entered Level 1 of the Shoals
 28876 | Shoals:1 | 28876 ||| INVOKING Heroism.
 28888 | Shoals:1 | Reached skill level 9 in Shields
 28893 | Shoals:1 | HP: 24/104 [ice dragon] (4)]
 28894 | Shoals:1 | 28894 ||| READING 4 scrolls of teleportation.
 28901 | Shoals:1 | HP: 24/104 [merfolk siren/+0 trident (7)]
 28902 | Shoals:1 | 28902 ||| READING 3 scrolls of teleportation.
 29022 | Shoals:1 | 29022 ||| Stepping ~*~*~tactically~*~*~ (stealth).
 29023 | Shoals:1 | 29023 ||| Stepping ~*~*~tactically~*~*~ (stealth).
 29024 | Shoals:1 | 29024 ||| INVOKING Heroism.
 29108 | Shoals:1 | 29108 ||| Stepping ~*~*~tactically~*~*~ (hiding).
 29109 | Shoals:1 | 29109 ||| Stepping ~*~*~tactically~*~*~ (hiding).
 29110 | Shoals:1 | 29110 ||| Stepping ~*~*~tactically~*~*~ (hiding).
 29235 | Shoals:1 | 29235 ||| READING scroll of enchant weapon.
 29235 | Shoals:1 | 29235 ||| ENCHANTING +4 broad axe.
 29245 | Shoals:1 | Found a runed translucent door.
 29259 | Shoals:1 | 29259 ||| INVOKING Heroism.
 29260 | Shoals:1 | 29260 ||| INVOKING Finesse.
 29527 | Shoals:1 | Noticed a kraken
 29538 | Shoals:1 | 29538 ||| INVOKING Heroism.
 29541 | Shoals:1 | Killed a kraken
 29671 | Shoals:1 | Identified the +7 tower shield of the Storm King {Fly rN+
                  | rCorr Int+2} (Okawaru gifted it to you on level 1 of the
                  | Shoals)
 29671 | Shoals:1 | Received a gift from Okawaru
 29722 | Shoals:1 | 29722 ||| Stepping ~*~*~tactically~*~*~ (stealth).
 29942 | Shoals:1 | Noticed a kraken
 29943 | Shoals:1 | 29943 ||| INVOKING Heroism.
 29950 | Shoals:1 | Killed a kraken
 30070 | Shoals:1 | 30070 ||| UPGRADING to scarf of repulsion.
 30080 | Shoals:1 | 30080 ||| UPGRADING to +7 tower shield of the Storm King
                  | {Fly rN+ rCorr Int+2}.
 30090 | Shoals:1 | 30090 ||| DROPPING +0 buckler.
 30113 | Shoals:2 | Found a transporter.
 30126 | Shoals:2 | 30126 ||| INVOKING Heroism.
 30133 | Shoals:2 | Found a transporter.
 30153 | Shoals:2 | 30153 ||| INVOKING Finesse.
 30168 | Shoals:2 | 30168 ||| INVOKING Heroism.
 30290 | Shoals:2 | Found a bloodstained altar of Trog.
 30327 | Shoals:2 | Noticed Witt's ghost (adept GrFi)
 30388 | Shoals:2 | 30388 ||| Stepping ~*~*~tactically~*~*~ (hiding).
 30390 | Shoals:2 | 30390 ||| Stepping ~*~*~tactically~*~*~ (hiding).
 30420 | Shoals:2 | 30420 ||| Stepping ~*~*~tactically~*~*~ (stealth).
 30421 | Shoals:2 | 30421 ||| Stepping ~*~*~tactically~*~*~ (stealth).
 30423 | Shoals:2 | 30423 ||| Stepping ~*~*~tactically~*~*~ (hiding).
 30470 | Shoals:2 | Noticed Polyphemus
 30471 | Shoals:2 | 30471 ||| INVOKING Heroism.
 30472 | Shoals:2 | 30472 ||| INVOKING Finesse.
 30490 | Shoals:2 | Killed Polyphemus
 30550 | Shoals:2 | 30550 ||| INVOKING Heroism.
 30551 | Shoals:2 | 30551 ||| INVOKING Finesse.
 30564 | Shoals:2 | Reached XP level 17. HP: 100/111 MP: 18/24
 30657 | Shoals:2 | 30657 ||| INVOKING Heroism.
 30658 | Shoals:2 | 30658 ||| INVOKING Finesse.
 30659 | Shoals:2 | 30659 ||| INVOKING Finesse.
 30682 | Shoals:2 | Reached skill level 12 in Shields
 31042 | Shoals:2 | 31042 ||| INVOKING Heroism.
 31092 | Shoals:2 | 31092 ||| READING scroll of enchant weapon.
 31092 | Shoals:2 | 31092 ||| ENCHANTING +5 broad axe.
 31113 | Shoals:2 | Identified the +0 pair of boots of the Ant {rC+ Int+7
                  | Dex+3}
 31159 | Shoals:2 | 31159 ||| UPGRADING to +0 pair of boots of the Ant {rC+
                  | Int+7 Dex+3}.
 31169 | Shoals:2 | 31169 ||| UPGRADING to +2 helmet of see invisible.
 31179 | Shoals:2 | 31179 ||| REMOVING ring of see invisible.
 31180 | Shoals:2 | 31180 ||| UPGRADING to ring of protection from cold.
 31181 | Shoals:2 | 31181 ||| UPGRADING to +6 ring of dexterity.
 31240 | Shoals:3 | 31240 ||| INVOKING Heroism.
 31308 | Shoals:3 | Identified the +10 great mace of Neosikiu {drain, Will+
                  | Str+3}
 31332 | Shoals:3 | 31332 ||| INVOKING Heroism.
 31374 | Shoals:3 | 31374 ||| INVOKING Heroism.
 31855 | Shoals:3 | 31855 ||| PLANNING SNAKE:1-3
 31981 | Snake:1  | Entered Level 1 of the Snake Pit
 31996 | Snake:1  | 31996 ||| Stepping ~*~*~tactically~*~*~ (hiding).
 32017 | Snake:1  | Found Qatwig's Book Boutique.
 32066 | Snake:1  | Found Henuh's Book Boutique.
 32066 | Snake:1  | Found Hief's Weapon Shop.
 32086 | Snake:1  | Found Hup Miuf's Book Shop.
 32096 | Snake:1  | 32096 ||| BUYING +4 vampiric broad axe (408 gold).
 32096 | Snake:1  | Bought a +4 vampiric broad axe for 408 gold pieces
 32096 | Snake:1  | 32096 ||| SWAPPING to +4 vampiric broad axe.
 32097 | Snake:1  | 32097 ||| DROPPING +6 broad axe.
 32118 | Snake:1  | 32118 ||| Stepping ~*~*~tactically~*~*~ (hiding).
 32119 | Snake:1  | 32119 ||| Stepping ~*~*~tactically~*~*~ (hiding).
 32145 | Snake:1  | Received a gift from Okawaru
 32222 | Snake:1  | 32222 ||| Stepping ~*~*~tactically~*~*~ (stealth).
 32224 | Snake:1  | 32224 ||| Stepping ~*~*~tactically~*~*~ (hiding).
 32227 | Snake:1  | 32227 ||| Stepping ~*~*~tactically~*~*~ (stealth).
 32235 | Snake:1  | 32235 ||| INVOKING Heroism.
 32239 | Snake:1  | Identified the +6 crystal plate armour of Jigsaw {*Corrode
                  | rF+ Str+4 Stlth+} (Okawaru gifted it to you on level 1 of
                  | the Snake Pit)
 32239 | Snake:1  | Received a gift from Okawaru
 32264 | Snake:1  | 32264 ||| UPGRADING to +6 crystal plate armour of Jigsaw
                  | {*Corrode rF+ Str+4 Stlth+}.
 32282 | Snake:1  | Noticed Agnes
 32284 | Snake:1  | 32284 ||| UPGRADING to +6 crystal plate armour of Jigsaw
                  | {*Corrode rF+ Str+4 Stlth+}.
 32289 | Snake:1  | 32289 ||| INVOKING Heroism.
 32290 | Snake:1  | 32290 ||| INVOKING Finesse.
 32311 | Snake:1  | Killed Agnes
 32312 | Snake:1  | 32312 ||| UPGRADING to +2 plate armour.
 32317 | Snake:1  | 32317 ||| UPGRADING to +6 crystal plate armour of Jigsaw
                  | {*Corrode rF+ Str+4 Stlth+}.
 32327 | Snake:1  | 32327 ||| DROPPING +2 plate armour.
 32328 | Snake:1  | 32328 ||| DROPPING +2 chain mail of fire resistance.
 32403 | Snake:1  | 32403 ||| INVOKING Heroism.
 32434 | Snake:1  | 32434 ||| Stepping ~*~*~tactically~*~*~ (hiding).
 32472 | Snake:1  | 32472 ||| INVOKING Heroism.
 32523 | Snake:1  | Reached skill level 15 in Shields
 32841 | Snake:2  | Found Dulumat's Weapon Shop.
 32847 | Snake:2  | 32847 ||| Stepping ~*~*~tactically~*~*~ (hiding).
 32877 | Snake:2  | 32877 ||| Stepping ~*~*~tactically~*~*~ (hiding).
 32882 | Snake:2  | 32882 ||| INVOKING Heroism.
 33063 | Snake:2  | Found a runed translucent door.
 33101 | Snake:2  | 33101 ||| INVOKING Heroism.
 33314 | Snake:2  | 33314 ||| Stepping ~*~*~tactically~*~*~ (hiding).
 33437 | Snake:2  | Noticed Icun's ghost (journeyman GnWr)
 33518 | Snake:3  | 33518 ||| INVOKING Heroism.
 33528 | Snake:3  | Reached skill level 13 in Armour
 33546 | Snake:3  | Received a gift from Okawaru
 33573 | Snake:3  | 33573 ||| DROPPING +5 demon whip "Spellbinder" {antimagic,
                  | Will+}.
 33583 | Snake:3  | 33583 ||| Stepping ~*~*~tactically~*~*~ (hiding).
 33588 | Snake:3  | 33588 ||| Stepping ~*~*~tactically~*~*~ (stealth).
 33600 | Snake:3  | Reached XP level 18. HP: 116/116 MP: 25/25
 33601 | Snake:3  | 33601 ||| INVOKING Heroism.
 33613 | Snake:3  | 33613 ||| DROPPING +0 hand axe of flaming.
 33729 | Snake:3  | 33729 ||| Stepping ~*~*~tactically~*~*~ (hiding).
 33861 | Snake:3  | 33861 ||| Stepping ~*~*~tactically~*~*~ (hiding).
 33862 | Snake:3  | 33862 ||| Stepping ~*~*~tactically~*~*~ (hiding).
 33883 | Snake:3  | 33883 ||| INVOKING Heroism.
 33945 | Snake:3  | 33945 ||| Stepping ~*~*~tactically~*~*~ (stealth).
 33951 | Snake:3  | 33951 ||| Stepping ~*~*~tactically~*~*~ (stealth).
 33992 | Snake:3  | 33992 ||| Stepping ~*~*~tactically~*~*~ (stealth).
 33995 | Snake:3  | 33995 ||| INVOKING Heroism.
 34060 | Snake:3  | Reached skill level 14 in Armour
 34063 | Snake:3  | 34063 ||| Stepping ~*~*~tactically~*~*~ (hiding).
 34072 | Snake:3  | 34072 ||| INVOKING Heroism.
 34110 | Snake:3  | 34110 ||| Stepping ~*~*~tactically~*~*~ (hiding).
 34111 | Snake:3  | 34111 ||| INVOKING Heroism.
 34255 | Snake:3  | 34255 ||| PLANNING SHOALS:4
 34255 | Snake:3  | 34255 ||| DROPPING ring of see invisible.
 34256 | Snake:3  | 34256 ||| UPGRADING to +4 ring of evasion.
 34258 | Snake:3  | 34258 ||| DROPPING ring of protection from cold.
 34259 | Snake:3  | 34259 ||| UPGRADING to +6 ring of strength.
 34261 | Snake:3  | 34261 ||| DROPPING +6 ring of dexterity.
 34447 | Shoals:4 | Entered Level 4 of the Shoals
 34450 | Shoals:4 | 34450 ||| INVOKING Heroism.
 34451 | Shoals:4 | 34451 ||| INVOKING Finesse.
 34467 | Shoals:4 | Identified the +1 cloak "Cajoeq" {Int+3 Dex+6 Stlth+}
                  | (Okawaru gifted it to you on level 4 of the Shoals)
 34467 | Shoals:4 | Received a gift from Okawaru
 34528 | Shoals:4 | 34528 ||| READING scroll of acquirement.
 34528 | Shoals:4 | 34528 ||| ACQUIRING ring of Ruucirim {Drain rF+ Str+7 Dex-4
                  | Slay+2}
 34528 | Shoals:4 | Acquired the ring of Ruucirim {Drain rF+ Str+7 Dex-4
                  | Slay+2}
 34530 | Shoals:4 | 34530 ||| DROPPING ring of see invisible.
 34569 | Shoals:4 | 34569 ||| INVOKING Heroism.
 34606 | Shoals:4 | 34606 ||| Stepping ~*~*~tactically~*~*~ (hiding).
 34637 | Shoals:4 | 34637 ||| Stepping ~*~*~tactically~*~*~ (hiding).
 34640 | Shoals:4 | 34640 ||| INVOKING Heroism.
 34641 | Shoals:4 | 34641 ||| INVOKING Finesse.
 34736 | Shoals:4 | 34736 ||| INVOKING Heroism.
 34780 | Shoals:4 | 34780 ||| READING scroll of enchant armour.
 34780 | Shoals:4 | 34780 ||| ENCHANTING +0 pair of gloves.
 34791 | Shoals:4 | Got a barnacled rune of Zot
 34795 | Shoals:4 | 34795 ||| Stepping ~*~*~tactically~*~*~ (hiding).
 34796 | Shoals:4 | 34796 ||| Stepping ~*~*~tactically~*~*~ (hiding).
 34797 | Shoals:4 | 34797 ||| Stepping ~*~*~tactically~*~*~ (hiding).
 34800 | Shoals:4 | 34800 ||| Stepping ~*~*~tactically~*~*~ (hiding).
 34857 | Shoals:4 | 34857 ||| Stepping ~*~*~tactically~*~*~ (hiding).
 34864 | Shoals:4 | Reached skill level 15 in Armour
 34890 | Shoals:4 | 34890 ||| Stepping ~*~*~tactically~*~*~ (hiding).
 34892 | Shoals:4 | 34892 ||| Stepping ~*~*~tactically~*~*~ (hiding).
 35026 | Shoals:4 | 35026 ||| Stepping ~*~*~tactically~*~*~ (hiding).
 35198 | Shoals:4 | 35198 ||| Stepping ~*~*~tactically~*~*~ (hiding).
 35201 | Shoals:4 | 35201 ||| INVOKING Heroism.
 35396 | Shoals:4 | 35396 ||| PLANNING VAULTS:1-4
 35396 | Shoals:4 | 35396 ||| UPGRADING to +1 cloak "Cajoeq" {Int+3 Dex+6
                  | Stlth+}.
 35406 | Shoals:4 | 35406 ||| DROPPING scarf of repulsion.
 35407 | Shoals:4 | 35407 ||| DROPPING +1 cloak of Joy {+Inv rPois}.
 35408 | Shoals:4 | 35408 ||| UPGRADING to ring of Ruucirim {Drain rF+ Str+7
                  | Dex-4 Slay+2}.
 35410 | Shoals:4 | 35410 ||| UPGRADING to +4 ring of evasion.
 35412 | Shoals:4 | 35412 ||| DROPPING +6 ring of strength.
 35632 | Vaults:1 | Entered Level 1 of the Vaults
 35652 | Vaults:1 | 35652 ||| Stepping ~*~*~tactically~*~*~ (stealth).
 35653 | Vaults:1 | 35653 ||| Stepping ~*~*~tactically~*~*~ (stealth).
 35656 | Vaults:1 | 35656 ||| INVOKING Heroism.
 35777 | Vaults:1 | You are sucked into a shaft and drop 1 floor!
 35818 | Vaults:2 | 35818 ||| READING scroll of acquirement.
 35818 | Vaults:2 | 35818 ||| ACQUIRING ring of fire
 35818 | Vaults:2 | Acquired a ring of fire
 35840 | Vaults:2 | 35840 ||| INVOKING Heroism.
 35851 | Vaults:2 | Reached skill level 16 in Armour
 35866 | Vaults:2 | 35866 ||| Stepping ~*~*~tactically~*~*~ (hiding).
 35867 | Vaults:2 | 35867 ||| Stepping ~*~*~tactically~*~*~ (hiding).
 36017 | Vaults:1 | 36017 ||| Stepping ~*~*~tactically~*~*~ (stealth).
 36052 | Vaults:1 | 36052 ||| INVOKING Heroism.
 36056 | Vaults:1 | 36056 ||| Stepping ~*~*~tactically~*~*~ (hiding).
 36060 | Vaults:1 | 36060 ||| Stepping ~*~*~tactically~*~*~ (hiding).
 36065 | Vaults:1 | 36065 ||| Stepping ~*~*~tactically~*~*~ (hiding).
 36072 | Vaults:1 | 36072 ||| Stepping ~*~*~tactically~*~*~ (hiding).
 36080 | Vaults:1 | Received a gift from Okawaru
 36081 | Vaults:1 | 36081 ||| Stepping ~*~*~tactically~*~*~ (hiding).
 36223 | Vaults:1 | 36223 ||| Stepping ~*~*~tactically~*~*~ (hiding).
 36252 | Vaults:1 | 36252 ||| INVOKING Heroism.
 36253 | Vaults:1 | 36253 ||| INVOKING Finesse.
 36261 | Vaults:1 | Reached skill level 18 in Shields
 36261 | Vaults:1 | Reached XP level 19. HP: 121/121 MP: 19/26
 36331 | Vaults:1 | Received a gift from Okawaru
 36367 | Vaults:1 | 36367 ||| INVOKING Heroism.
 36368 | Vaults:1 | 36368 ||| INVOKING Finesse.
 36421 | Vaults:1 | 36421 ||| Stepping ~*~*~tactically~*~*~ (stealth).
 36436 | Vaults:1 | 36436 ||| Stepping ~*~*~tactically~*~*~ (stealth).
 36442 | Vaults:1 | 36442 ||| Stepping ~*~*~tactically~*~*~ (hiding).
 36446 | Vaults:1 | 36446 ||| Stepping ~*~*~tactically~*~*~ (hiding).
 36447 | Vaults:1 | 36447 ||| Stepping ~*~*~tactically~*~*~ (hiding).
 36637 | Vaults:1 | Found Jealiu's Antique Weapon Shoppe.
 36703 | Vaults:1 | 36703 ||| INVOKING Heroism.
 36705 | Vaults:1 | 36705 ||| Stepping ~*~*~tactically~*~*~ (stealth).
 36770 | Vaults:1 | 36770 ||| INVOKING Heroism.
 36771 | Vaults:1 | 36771 ||| INVOKING Finesse.
 36774 | Vaults:1 | Reached skill level 17 in Armour
 36860 | Vaults:1 | Received a gift from Okawaru
 37456 | Vaults:1 | 37456 ||| DROPPING amulet of the acrobat.
 37457 | Vaults:1 | 37457 ||| DROPPING ring of magical power.
 37613 | Vaults:2 | 37613 ||| FLEEEEING.
 37614 | Vaults:2 | 37614 ||| FLEEEEING.
 37619 | Vaults:2 | 37619 ||| FLEEEEING.
 37620 | Vaults:2 | 37620 ||| FLEEEEING.
 37622 | Vaults:2 | 37622 ||| FLEEEEING.
 37626 | Vaults:2 | 37626 ||| FLEEEEING.
 37627 | Vaults:2 | 37627 ||| FLEEEEING.
 37628 | Vaults:2 | 37628 ||| FLEEEEING.
 37635 | Vaults:2 | 37635 ||| STAIRDANCE
 37740 | Vaults:2 | 37740 ||| FLEEEEING.
 37741 | Vaults:2 | 37741 ||| STAIRDANCE
 37845 | Vaults:2 | 37845 ||| STAIRDANCE
 37949 | Vaults:2 | 37949 ||| Stepping ~*~*~tactically~*~*~ (hiding).
 37968 | Vaults:2 | Identified the +1 robe of Okawaru's Pride {Str+5 Int-5}
                  | (Okawaru gifted it to you on level 2 of the Vaults)
 37968 | Vaults:2 | Received a gift from Okawaru
 38174 | Vaults:2 | 38174 ||| FLEEEEING.
 38175 | Vaults:2 | 38175 ||| FLEEEEING.
 38176 | Vaults:2 | 38176 ||| FLEEEEING.
 38188 | Vaults:2 | 38188 ||| FLEEEEING.
 38189 | Vaults:2 | 38189 ||| FLEEEEING.
 38190 | Vaults:2 | 38190 ||| FLEEEEING.
 38195 | Vaults:2 | 38195 ||| FLEEEEING.
 38196 | Vaults:2 | 38196 ||| FLEEEEING.
 38197 | Vaults:2 | 38197 ||| FLEEEEING.
 38198 | Vaults:2 | 38198 ||| FLEEEEING.
 38199 | Vaults:2 | 38199 ||| FLEEEEING.
 38200 | Vaults:2 | 38200 ||| FLEEEEING.
 38201 | Vaults:2 | 38201 ||| FLEEEEING.
 38202 | Vaults:2 | 38202 ||| FLEEEEING.
 38203 | Vaults:2 | 38203 ||| FLEEEEING.
 38204 | Vaults:2 | 38204 ||| FLEEEEING.
 38205 | Vaults:2 | 38205 ||| FLEEEEING.
 38206 | Vaults:2 | 38206 ||| FLEEEEING.
 38207 | Vaults:2 | 38207 ||| FLEEEEING.
 38208 | Vaults:2 | 38208 ||| FLEEEEING.
 38209 | Vaults:2 | 38209 ||| FLEEEEING.
 38210 | Vaults:2 | 38210 ||| FLEEEEING.
 38211 | Vaults:2 | 38211 ||| FLEEEEING.
 38212 | Vaults:2 | 38212 ||| FLEEEEING.
 38213 | Vaults:2 | 38213 ||| FLEEEEING.
 38220 | Vaults:2 | 38220 ||| FLEEEEING.
 38221 | Vaults:2 | 38221 ||| FLEEEEING.
 38222 | Vaults:2 | 38222 ||| FLEEEEING.
 38228 | Vaults:2 | 38228 ||| FLEEEEING.
 38230 | Vaults:2 | 38230 ||| STAIRDANCE
 38341 | Vaults:2 | 38341 ||| STAIRDANCE
 38559 | Vaults:2 | 38559 ||| INVOKING Heroism.
 38577 | Vaults:2 | 38577 ||| Stepping ~*~*~tactically~*~*~ (hiding).
 38605 | Vaults:2 | Reached skill level 15 in Fighting
 38654 | Vaults:2 | 38654 ||| READING scroll of acquirement.
 38654 | Vaults:2 | 38654 ||| ACQUIRING 1042 gold pieces
 38654 | Vaults:2 | Acquired 1042 gold pieces
 38740 | Vaults:2 | 38740 ||| FLEEEEING.
 38741 | Vaults:2 | 38741 ||| FLEEEEING.
 38742 | Vaults:2 | 38742 ||| FLEEEEING.
 38743 | Vaults:2 | 38743 ||| FLEEEEING.
 38744 | Vaults:2 | 38744 ||| FLEEEEING.
 38745 | Vaults:2 | 38745 ||| FLEEEEING.
 38746 | Vaults:2 | 38746 ||| FLEEEEING.
 38747 | Vaults:2 | 38747 ||| FLEEEEING.
 38748 | Vaults:2 | 38748 ||| FLEEEEING.
 38749 | Vaults:2 | 38749 ||| FLEEEEING.
 38750 | Vaults:2 | 38750 ||| FLEEEEING.
 38751 | Vaults:2 | 38751 ||| FLEEEEING.
 38752 | Vaults:2 | 38752 ||| FLEEEEING.
 38753 | Vaults:2 | 38753 ||| FLEEEEING.
 38754 | Vaults:2 | 38754 ||| FLEEEEING.
 38758 | Vaults:2 | 38758 ||| FLEEEEING.
 38759 | Vaults:2 | 38759 ||| FLEEEEING.
 38760 | Vaults:2 | 38760 ||| FLEEEEING.
 38773 | Vaults:2 | 38773 ||| FLEEEEING.
 38774 | Vaults:2 | 38774 ||| FLEEEEING.
 38778 | Vaults:2 | 38778 ||| FLEEEEING.
 38779 | Vaults:2 | 38779 ||| FLEEEEING.
 38780 | Vaults:2 | 38780 ||| FLEEEEING.
 38781 | Vaults:2 | 38781 ||| FLEEEEING.
 38782 | Vaults:2 | 38782 ||| FLEEEEING.
 38787 | Vaults:2 | 38787 ||| FLEEEEING.
 38788 | Vaults:2 | 38788 ||| FLEEEEING.
 38789 | Vaults:2 | 38789 ||| FLEEEEING.
 38795 | Vaults:2 | 38795 ||| FLEEEEING.
 38804 | Vaults:2 | 38804 ||| FLEEEEING.
 38805 | Vaults:2 | 38805 ||| FLEEEEING.
 38806 | Vaults:2 | 38806 ||| FLEEEEING.
 38807 | Vaults:2 | 38807 ||| FLEEEEING.
 38808 | Vaults:2 | 38808 ||| STAIRDANCE
 38921 | Vaults:2 | 38921 ||| STAIRDANCE
 39427 | Vaults:3 | 39427 ||| Stepping ~*~*~tactically~*~*~ (hiding).
 39476 | Vaults:3 | 39476 ||| INVOKING Heroism.
 39501 | Vaults:3 | 39501 ||| INVOKING Heroism.
 39672 | Vaults:3 | Identified the +9 shortbow "Kalyujik" {venom, Will+++ rCorr
                  | Int+2 Stlth-}
 39828 | Vaults:3 | 39828 ||| INVOKING Heroism.
 39836 | Vaults:3 | Reached skill level 18 in Armour
 39994 | Vaults:3 | 39994 ||| INVOKING Heroism.
 39995 | Vaults:3 | 39995 ||| INVOKING Finesse.
 40135 | Vaults:3 | Found a staircase to the Crypt.
 40160 | Vaults:3 | 40160 ||| Stepping ~*~*~tactically~*~*~ (hiding).
 40165 | Vaults:3 | 40165 ||| Stepping ~*~*~tactically~*~*~ (hiding).
 40347 | Vaults:3 | 40347 ||| DROPPING +1 pair of boots.
 40349 | Vaults:3 | 40349 ||| INVOKING Heroism.
 40352 | Vaults:3 | 40352 ||| INVOKING Finesse.
 40395 | Vaults:3 | 40395 ||| INVOKING Heroism.
 40403 | Vaults:3 | 40403 ||| Stepping ~*~*~tactically~*~*~ (hiding).
 40417 | Vaults:3 | Received a gift from Okawaru
 40453 | Vaults:3 | 40453 ||| Stepping ~*~*~tactically~*~*~ (hiding).
 40562 | Vaults:3 | 40562 ||| Stepping ~*~*~tactically~*~*~ (hiding).
 40758 | Vaults:3 | 40758 ||| INVOKING Heroism.
 40768 | Vaults:3 | Identified the +8 broad axe "Keel" {freeze, Str+2} (Okawaru
                  | gifted it to you on level 3 of the Vaults)
 40768 | Vaults:3 | Received a gift from Okawaru
 40962 | Vaults:3 | Reached skill level 9 in Throwing
 40978 | Vaults:3 | 40978 ||| INVOKING Heroism.
 40985 | Vaults:3 | Reached XP level 20. HP: 125/129 MP: 25/27
 41185 | Vaults:4 | Paralysed by a sphinx for 3 turns
 41301 | Vaults:4 | 41301 ||| Stepping ~*~*~tactically~*~*~ (hiding).
 41376 | Vaults:4 | 41376 ||| INVOKING Heroism.
 41457 | Vaults:4 | 41457 ||| FLEEEEING.
 41464 | Vaults:4 | 41464 ||| INVOKING Heroism.
 41468 | Vaults:4 | 41468 ||| Stepping ~*~*~tactically~*~*~ (hiding).
 41502 | Vaults:4 | 41502 ||| INVOKING Heroism.
 41752 | Vaults:4 | 41752 ||| Stepping ~*~*~tactically~*~*~ (stealth).
 41767 | Vaults:4 | 41767 ||| Stepping ~*~*~tactically~*~*~ (stealth).
 41779 | Vaults:4 | 41779 ||| Stepping ~*~*~tactically~*~*~ (stealth).
 41781 | Vaults:4 | 41781 ||| Stepping ~*~*~tactically~*~*~ (hiding).
 41782 | Vaults:4 | 41782 ||| Stepping ~*~*~tactically~*~*~ (hiding).
 41931 | Vaults:4 | Found Bugemuh's General Store.
 41939 | Vaults:4 | 41939 ||| BUYING potion of magic (96 gold).
 41939 | Vaults:4 | Bought a potion of magic for 96 gold pieces
 41940 | Vaults:4 | 41940 ||| Stepping ~*~*~tactically~*~*~ (stealth).
 41944 | Vaults:4 | 41944 ||| Stepping ~*~*~tactically~*~*~ (stealth).
 41947 | Vaults:4 | 41947 ||| INVOKING Heroism.
 42092 | Vaults:4 | Identified the +0 kite shield of Suckioc {Rampage} (Okawaru
                  | gifted it to you on level 4 of the Vaults)
 42092 | Vaults:4 | Received a gift from Okawaru
 42126 | Vaults:4 | 42126 ||| INVOKING Heroism.
 42175 | Vaults:4 | 42175 ||| INVOKING Heroism.
 42193 | Vaults:4 | Reached skill level 6 in Dodging
 42239 | Vaults:4 | 42239 ||| Stepping ~*~*~tactically~*~*~ (hiding).
 42240 | Vaults:4 | 42240 ||| Stepping ~*~*~tactically~*~*~ (hiding).
 42241 | Vaults:4 | 42241 ||| Stepping ~*~*~tactically~*~*~ (hiding).
 42243 | Vaults:4 | 42243 ||| INVOKING Heroism.
 42897 | Vaults:4 | 42897 ||| PLANNING SNAKE:4
 43223 | Snake:4  | Entered Level 4 of the Snake Pit
 43224 | Snake:4  | 43224 ||| INVOKING Heroism.
 43229 | Snake:4  | Noticed Aizul
 43256 | Snake:4  | Killed Aizul
 43404 | Snake:4  | Found Cuamniro's Distillery.
 43413 | Snake:4  | 43413 ||| BUYING potion of curing (48 gold).
 43413 | Snake:4  | Bought a potion of curing for 48 gold pieces
 43413 | Snake:4  | 43413 ||| BUYING potion of haste (160 gold).
 43413 | Snake:4  | Bought a potion of haste for 160 gold pieces
 43413 | Snake:4  | 43413 ||| BUYING potion of heal wounds (80 gold).
 43413 | Snake:4  | Bought a potion of heal wounds for 80 gold pieces
 43413 | Snake:4  | 43413 ||| BUYING potion of might (64 gold).
 43413 | Snake:4  | Bought a potion of might for 64 gold pieces
 43413 | Snake:4  | 43413 ||| BUYING potion of resistance (160 gold).
 43413 | Snake:4  | Bought a potion of resistance for 160 gold pieces
 43468 | Snake:4  | Found Cogir's Magic Scroll Shoppe.
 43473 | Snake:4  | 43473 ||| BUYING scroll of blinking (157 gold).
 43473 | Snake:4  | Bought a scroll of blinking for 157 gold pieces
 43473 | Snake:4  | 43473 ||| BUYING scroll of enchant weapon (157 gold).
 43473 | Snake:4  | Bought a scroll of enchant weapon for 157 gold pieces
 43473 | Snake:4  | 43473 ||| BUYING scroll of teleportation (63 gold).
 43473 | Snake:4  | Bought a scroll of teleportation for 63 gold pieces
 43473 | Snake:4  | 43473 ||| BUYING scroll of teleportation (63 gold).
 43473 | Snake:4  | Bought a scroll of teleportation for 63 gold pieces
 43473 | Snake:4  | 43473 ||| BUYING scroll of teleportation (63 gold).
 43473 | Snake:4  | Bought a scroll of teleportation for 63 gold pieces
 43473 | Snake:4  | 43473 ||| READING scroll of enchant weapon.
 43473 | Snake:4  | 43473 ||| ENCHANTING +4 vampiric broad axe.
 43496 | Snake:4  | 43496 ||| Stepping ~*~*~tactically~*~*~ (hiding).
 43579 | Snake:4  | 43579 ||| INVOKING Heroism.
 43581 | Snake:4  | Noticed Mara
 43582 | Snake:4  | 43582 ||| INVOKING Finesse.
 43588 | Snake:4  | Reached skill level 19 in Armour
 43597 | Snake:4  | Noticed qw's illusion
 43604 | Snake:4  | Killed Mara
 43664 | Snake:4  | 43664 ||| INVOKING Heroism.
 43818 | Snake:4  | Found Tasos's Distillery.
 43832 | Snake:4  | 43832 ||| BUYING potion of attraction (57 gold).
 43832 | Snake:4  | Bought a potion of attraction for 57 gold pieces
 43832 | Snake:4  | 43832 ||| BUYING potion of curing (57 gold).
 43832 | Snake:4  | Bought a potion of curing for 57 gold pieces
 43832 | Snake:4  | 43832 ||| BUYING potion of curing (57 gold).
 43832 | Snake:4  | Bought a potion of curing for 57 gold pieces
 43832 | Snake:4  | 43832 ||| BUYING potion of curing (57 gold).
 43832 | Snake:4  | Bought a potion of curing for 57 gold pieces
 43832 | Snake:4  | 43832 ||| BUYING potion of experience (950 gold).
 43832 | Snake:4  | Bought a potion of experience for 950 gold pieces
 43832 | Snake:4  | 43832 ||| BUYING potion of heal wounds (95 gold).
 43832 | Snake:4  | Bought a potion of heal wounds for 95 gold pieces
 43832 | Snake:4  | 43832 ||| BUYING potion of heal wounds (95 gold).
 43832 | Snake:4  | Bought a potion of heal wounds for 95 gold pieces
 43832 | Snake:4  | 43832 ||| DRINKING potion of experience.
 43832 | Snake:4  | Reached XP level 21. HP: 139/139 MP: 28/28
 43839 | Snake:4  | 43839 ||| Stepping ~*~*~tactically~*~*~ (stealth).
 43841 | Snake:4  | 43841 ||| Stepping ~*~*~tactically~*~*~ (hiding).
 43844 | Snake:4  | 43844 ||| Stepping ~*~*~tactically~*~*~ (hiding).
 43875 | Snake:4  | Found a basalt altar of Yredelemnul.
 43877 | Snake:4  | 43877 ||| Stepping ~*~*~tactically~*~*~ (hiding).
 43884 | Snake:4  | 43884 ||| INVOKING Heroism.
 43909 | Snake:4  | Found Toadghac's Distillery.
 43925 | Snake:4  | Noticed Saint Roka
 43926 | Snake:4  | 43926 ||| Stepping ~*~*~tactically~*~*~ (hiding).
 43947 | Snake:4  | Killed Saint Roka
 43984 | Snake:4  | 43984 ||| BUYING 2 potions of lignification (60 gold).
 43984 | Snake:4  | Bought 2 potions of lignification for 60 gold pieces
 43984 | Snake:4  | 43984 ||| SHOPLISTING 2 potions of resistance (200 gold,
                  | have 56).
 43984 | Snake:4  | 43984 ||| BUYING potion of curing (30 gold).
 43984 | Snake:4  | Bought a potion of curing for 30 gold pieces
 43984 | Snake:4  | 43984 ||| SHOPLISTING potion of curing (30 gold, have 26).
 43984 | Snake:4  | 43984 ||| SHOPLISTING potion of heal wounds (50 gold, have
                  | 26).
 43984 | Snake:4  | 43984 ||| SHOPLISTING potion of might (40 gold, have 26).
 43984 | Snake:4  | 43984 ||| SHOPLISTING potion of mutation (80 gold, have
                  | 26).
 44166 | Snake:4  | Identified Roxanne's Collected Works on Transmogrification
 44166 | Snake:4  | Noticed Roxanne
 44185 | Snake:4  | Killed Roxanne
 44186 | Snake:4  | Reached skill level 20 in Armour
 44224 | Snake:4  | 44224 ||| Stepping ~*~*~tactically~*~*~ (stealth).
 44227 | Snake:4  | 44227 ||| Stepping ~*~*~tactically~*~*~ (hiding).
 44228 | Snake:4  | 44228 ||| Stepping ~*~*~tactically~*~*~ (hiding).
 44312 | Snake:4  | Noticed Vashnia
 44313 | Snake:4  | 44313 ||| INVOKING Heroism.
 44321 | Snake:4  | Received a gift from Okawaru
 44325 | Snake:4  | Reached XP level 22. HP: 139/144 MP: 29/29
 44351 | Snake:4  | Killed Vashnia
 44412 | Snake:4  | 44412 ||| Stepping ~*~*~tactically~*~*~ (stealth).
 44413 | Snake:4  | 44413 ||| Stepping ~*~*~tactically~*~*~ (stealth).
 44414 | Snake:4  | 44414 ||| Stepping ~*~*~tactically~*~*~ (stealth).
 44421 | Snake:4  | 44421 ||| Stepping ~*~*~tactically~*~*~ (hiding).
 44547 | Snake:4  | 44547 ||| FLEEEEING.
 44548 | Snake:4  | 44548 ||| FLEEEEING.
 44549 | Snake:4  | 44549 ||| FLEEEEING.
 44550 | Snake:4  | 44550 ||| FLEEEEING.
 44551 | Snake:4  | 44551 ||| FLEEEEING.
 44552 | Snake:4  | 44552 ||| FLEEEEING.
 44553 | Snake:4  | 44553 ||| FLEEEEING.
 44558 | Snake:4  | 44558 ||| FLEEEEING.
 44559 | Snake:4  | 44559 ||| FLEEEEING.
 44562 | Snake:4  | 44562 ||| FLEEEEING.
 44563 | Snake:4  | 44563 ||| FLEEEEING.
 44564 | Snake:4  | 44564 ||| FLEEEEING.
 44565 | Snake:4  | 44565 ||| FLEEEEING.
 44566 | Snake:4  | 44566 ||| FLEEEEING.
 44567 | Snake:4  | 44567 ||| FLEEEEING.
 44568 | Snake:4  | 44568 ||| FLEEEEING.
 44569 | Snake:4  | 44569 ||| FLEEEEING.
 44572 | Snake:4  | 44572 ||| FLEEEEING.
 44573 | Snake:4  | 44573 ||| FLEEEEING.
 44574 | Snake:4  | 44574 ||| FLEEEEING.
 44575 | Snake:4  | 44575 ||| FLEEEEING.
 44576 | Snake:4  | 44576 ||| FLEEEEING.
 44577 | Snake:4  | 44577 ||| FLEEEEING.
 44578 | Snake:4  | 44578 ||| FLEEEEING.
 44579 | Snake:4  | 44579 ||| FLEEEEING.
 44580 | Snake:4  | 44580 ||| FLEEEEING.
 44581 | Snake:4  | 44581 ||| FLEEEEING.
 44582 | Snake:4  | 44582 ||| FLEEEEING.
 44583 | Snake:4  | 44583 ||| FLEEEEING.
 44584 | Snake:4  | 44584 ||| FLEEEEING.
 44585 | Snake:4  | 44585 ||| FLEEEEING.
 44586 | Snake:4  | 44586 ||| FLEEEEING.
 44587 | Snake:4  | 44587 ||| FLEEEEING.
 44588 | Snake:4  | 44588 ||| FLEEEEING.
 44589 | Snake:4  | 44589 ||| FLEEEEING.
 44590 | Snake:4  | 44590 ||| FLEEEEING.
 44592 | Snake:4  | 44592 ||| STAIRDANCE
 44694 | Snake:3  | 44694 ||| UPGRADING to +2 pair of gloves.
 44704 | Snake:3  | 44704 ||| DROPPING +1 pair of gloves.
 44842 | Snake:4  | 44842 ||| Stepping ~*~*~tactically~*~*~ (hiding).
 44986 | Snake:4  | Got a serpentine rune of Zot
 45025 | Snake:4  | 45025 ||| PLANNING DEPTHS
 45321 | Depths:1 | Entered Level 1 of the Depths
 45431 | Depths:1 | 45431 ||| Stepping ~*~*~tactically~*~*~ (hiding).
 45432 | Depths:1 | 45432 ||| Stepping ~*~*~tactically~*~*~ (hiding).
 45462 | Depths:1 | 45462 ||| INVOKING Heroism.
 45471 | Depths:1 | Received a gift from Okawaru
 45510 | Depths:1 | Found a broken altar of Ashenzari.
 45572 | Depths:1 | 45572 ||| INVOKING Heroism.
 45573 | Depths:1 | Received a gift from Okawaru
 45615 | Depths:1 | 45615 ||| INVOKING Heroism.
 45632 | Depths:1 | 45632 ||| Stepping ~*~*~tactically~*~*~ (stealth).
 45633 | Depths:1 | 45633 ||| Stepping ~*~*~tactically~*~*~ (stealth).
 45669 | Depths:1 | Identified the +9 rapier "Uzeshrue" {protect, rN+ Will+
                  | Str+3 Dex-4}
 45733 | Depths:1 | 45733 ||| INVOKING Heroism.
 45743 | Depths:1 | Reached skill level 18 in Fighting
 45752 | Depths:1 | 45752 ||| INVOKING Finesse.
 45797 | Depths:1 | Found a white marble altar of Elyvilon.
 45958 | Depths:1 | 45958 ||| DROPPING +2 tower shield of protection.
 45959 | Depths:1 | 45959 ||| DROPPING amulet of magic regeneration.
 46082 | Depths:2 | Found a one-way gate leading to the halls of Pandemonium.
 46087 | Depths:2 | 46087 ||| INVOKING Heroism.
 46123 | Depths:2 | Noticed Vv
 46124 | Depths:2 | 46124 ||| Stepping ~*~*~tactically~*~*~ (stealth).
 46126 | Depths:2 | 46126 ||| FLEEEEING.
 46127 | Depths:2 | 46127 ||| FLEEEEING.
 46129 | Depths:2 | 46129 ||| Stepping ~*~*~tactically~*~*~ (stealth).
 46137 | Depths:2 | 46137 ||| DRINKING 5 potions of resistance.
 46138 | Depths:2 | 46138 ||| INVOKING Heroism.
 46139 | Depths:2 | 46139 ||| INVOKING Finesse.
 46162 | Depths:2 | Killed Vv
 46217 | Depths:2 | 46217 ||| FLEEEEING.
 46218 | Depths:2 | 46218 ||| FLEEEEING.
 46441 | Depths:2 | 46441 ||| INVOKING Heroism.
 46442 | Depths:2 | 46442 ||| INVOKING Finesse.
 46523 | Depths:2 | 46523 ||| INVOKING Finesse.
 46537 | Depths:2 | Noticed a juggernaut
 46538 | Depths:2 | 46538 ||| INVOKING Heroism.
 46547 | Depths:2 | Noticed a golden dragon
 46548 | Depths:2 | 46548 ||| Stepping ~*~*~tactically~*~*~ (stealth).
 46560 | Depths:2 | 46560 ||| INVOKING Finesse.
 46567 | Depths:2 | Killed a juggernaut
 46573 | Depths:2 | Killed a golden dragon
 46613 | Depths:2 | 46613 ||| Stepping ~*~*~tactically~*~*~ (hiding).
 46618 | Depths:2 | 46618 ||| INVOKING Heroism.
 46651 | Depths:2 | Identified the +7 long sword of Ycsoj {venom, +Blink rElec
                  | rC- Str+5}
 46722 | Depths:2 | 46722 ||| FLEEEEING.
 46723 | Depths:2 | 46723 ||| FLEEEEING.
 46724 | Depths:2 | 46724 ||| FLEEEEING.
 46725 | Depths:2 | 46725 ||| FLEEEEING.
 46726 | Depths:2 | 46726 ||| FLEEEEING.
 46738 | Depths:2 | Noticed a juggernaut
 46739 | Depths:2 | 46739 ||| INVOKING Heroism.
 46740 | Depths:2 | 46740 ||| INVOKING Finesse.
 46760 | Depths:2 | Killed a juggernaut
 46772 | Depths:2 | Reached skill level 21 in Armour
 46809 | Depths:2 | Received a gift from Okawaru
 46885 | Depths:2 | Found a runed translucent door.
 46888 | Depths:2 | Noticed qw's ghost (adept MiFi)
 47468 | Depths:2 | 47468 ||| DROPPING scarf of harm.
 47488 | Depths:3 | 47488 ||| Stepping ~*~*~tactically~*~*~ (hiding).
 47492 | Depths:3 | 47492 ||| INVOKING Heroism.
 47500 | Depths:3 | 47500 ||| Stepping ~*~*~tactically~*~*~ (hiding).
 47504 | Depths:3 | Noticed Parghit
 47505 | Depths:3 | 47505 ||| INVOKING Finesse.
 47527 | Depths:3 | Killed Parghit
 47622 | Depths:3 | Reached XP level 23. HP: 153/153 MP: 30/30
 47639 | Depths:3 | 47639 ||| Stepping ~*~*~tactically~*~*~ (hiding).
 47778 | Depths:3 | 47778 ||| Stepping ~*~*~tactically~*~*~ (stealth).
 47850 | Depths:3 | 47850 ||| INVOKING Heroism.
 47851 | Depths:3 | Noticed Margery
 47880 | Depths:3 | Killed Margery
 47966 | Depths:3 | Found a one-way gateway to a ziggurat.
 47967 | Depths:3 | 47967 ||| INVOKING Heroism.
 47995 | Depths:3 | 47995 ||| FLEEEEING.
 48070 | Depths:3 | 48070 ||| INVOKING Heroism.
 48092 | Depths:3 | 48092 ||| FLEEEEING.
 48093 | Depths:3 | 48093 ||| FLEEEEING.
 48094 | Depths:3 | 48094 ||| FLEEEEING.
 48095 | Depths:3 | 48095 ||| FLEEEEING.
 48096 | Depths:3 | 48096 ||| FLEEEEING.
 48097 | Depths:3 | 48097 ||| FLEEEEING.
 48180 | Depths:3 | 48180 ||| INVOKING Heroism.
 48200 | Depths:3 | 48200 ||| FLEEEEING.
 48201 | Depths:3 | 48201 ||| FLEEEEING.
 48294 | Depths:3 | 48294 ||| INVOKING Heroism.
 48309 | Depths:3 | 48309 ||| FLEEEEING.
 48384 | Depths:3 | 48384 ||| INVOKING Heroism.
 48402 | Depths:3 | 48402 ||| FLEEEEING.
 48403 | Depths:3 | 48403 ||| FLEEEEING.
 48484 | Depths:3 | 48484 ||| INVOKING Heroism.
 48504 | Depths:3 | 48504 ||| FLEEEEING.
 48505 | Depths:3 | 48505 ||| FLEEEEING.
 48506 | Depths:3 | 48506 ||| FLEEEEING.
 48507 | Depths:3 | 48507 ||| FLEEEEING.
 48593 | Depths:3 | 48593 ||| INVOKING Heroism.
 48607 | Depths:3 | 48607 ||| FLEEEEING.
 48682 | Depths:3 | 48682 ||| INVOKING Heroism.
 48719 | Depths:3 | 48719 ||| FLEEEEING.
 48720 | Depths:3 | 48720 ||| FLEEEEING.
 48721 | Depths:3 | 48721 ||| FLEEEEING.
 48722 | Depths:3 | 48722 ||| FLEEEEING.
 48817 | Depths:3 | 48817 ||| INVOKING Heroism.
 48856 | Depths:3 | 48856 ||| FLEEEEING.
 48943 | Depths:3 | 48943 ||| INVOKING Heroism.
 48965 | Depths:3 | 48965 ||| FLEEEEING.
 49047 | Depths:3 | 49047 ||| INVOKING Heroism.
 49087 | Depths:3 | 49087 ||| FLEEEEING.
 49088 | Depths:3 | 49088 ||| FLEEEEING.
 49089 | Depths:3 | 49089 ||| FLEEEEING.
 49090 | Depths:3 | 49090 ||| FLEEEEING.
 49091 | Depths:3 | 49091 ||| FLEEEEING.
 49188 | Depths:3 | 49188 ||| INVOKING Heroism.
 49211 | Depths:3 | 49211 ||| FLEEEEING.
 49212 | Depths:3 | 49212 ||| FLEEEEING.
 49213 | Depths:3 | 49213 ||| FLEEEEING.
 49214 | Depths:3 | 49214 ||| FLEEEEING.
 49215 | Depths:3 | 49215 ||| FLEEEEING.
 49216 | Depths:3 | 49216 ||| FLEEEEING.
 49217 | Depths:3 | 49217 ||| FLEEEEING.
 49339 | Depths:3 | Found a one-way gate to the infinite horrors of the Abyss.
 49350 | Depths:3 | Found Kato's Weapon Emporium.
 49352 | Depths:3 | Found Ryemov's Weapon Shoppe.
 49354 | Depths:3 | Found Olex Woj's General Store.
 49360 | Depths:3 | 49360 ||| SHOPLISTING +8 broad axe "Gintuwnu" {spect, rPois
                  | Will+ Int-5 Stlth+} (827 gold, have 778).
 49362 | Depths:3 | 49362 ||| BUYING 3 potions of mutation (312 gold).
 49362 | Depths:3 | Bought 3 potions of mutation for 312 gold pieces
 49362 | Depths:3 | 49362 ||| BUYING potion of might (52 gold).
 49362 | Depths:3 | Bought a potion of might for 52 gold pieces
 49416 | Depths:3 | 49416 ||| Stepping ~*~*~tactically~*~*~ (stealth).
 49418 | Depths:3 | 49418 ||| INVOKING Heroism.
 49559 | Depths:3 | 49559 ||| INVOKING Heroism.
 49690 | Depths:3 | 49690 ||| Stepping ~*~*~tactically~*~*~ (hiding).
 49775 | Depths:3 | 49775 ||| FLEEEEING.
 49776 | Depths:3 | 49776 ||| INVOKING Heroism.
 49798 | Depths:3 | 49798 ||| FLEEEEING.
 49799 | Depths:3 | 49799 ||| FLEEEEING.
 49883 | Depths:3 | 49883 ||| FLEEEEING.
 49884 | Depths:3 | 49884 ||| FLEEEEING.
 49904 | Depths:3 | 49904 ||| INVOKING Heroism.
 49931 | Depths:3 | 49931 ||| FLEEEEING.
 49932 | Depths:3 | 49932 ||| FLEEEEING.
 49933 | Depths:3 | 49933 ||| FLEEEEING.
 49934 | Depths:3 | 49934 ||| FLEEEEING.
 49935 | Depths:3 | 49935 ||| FLEEEEING.
 49936 | Depths:3 | 49936 ||| FLEEEEING.
 49937 | Depths:3 | 49937 ||| FLEEEEING.
 49938 | Depths:3 | 49938 ||| FLEEEEING.
 49939 | Depths:3 | 49939 ||| FLEEEEING.
 49940 | Depths:3 | 49940 ||| FLEEEEING.
 49941 | Depths:3 | 49941 ||| FLEEEEING.
 49941 | Depths:3 | HP: 37/155 [daeva/divine providence (13)]
 49942 | Depths:3 | 49942 ||| FLEEEEING.
 49943 | Depths:3 | 49943 ||| FLEEEEING.
 49944 | Depths:3 | 49944 ||| FLEEEEING.
 49945 | Depths:3 | 49945 ||| FLEEEEING.
 49945 | Depths:3 | HP: 12/155 [daeva/divine providence (13)]
 49946 | Depths:3 | 49946 ||| FLEEEEING.
 49947 | Depths:3 | 49947 ||| FLEEEEING.
 49947 | Depths:3 | HP: 1/155 [daeva/divine providence (13)]
 49948 | Depths:3 | 49948 ||| FLEEEEING.
 49949 | Depths:3 | 49949 ||| FLEEEEING.
 49950 | Depths:3 | 49950 ||| FLEEEEING.
 49951 | Depths:3 | 49951 ||| FLEEEEING.
 49951 | Depths:3 | Killed from afar by a daeva

Levels and vault maps discovered:
D:1:      minmay_arrival_diagonal_passages, layout_basic, minmay_tromino_v4_b
D:2:      minmay_chambers_of_twos, layout_loops_cross,
          shapermc_ecumenical_altar_venn, minivault_25
D:3:      kennysheep_the_goblin_king, layout_basic, tso_altar,
          gammafunk_temple_of_torment, minmay_misc_feat_five,
          grunt_ministairs_3, uniq_robin, uniq_terence
D:4:      layout_cave_pools, nicolae_ru_sacrificial_ziggurat,
          nzn_wu_jian_council_hall, temple_doors_ab, minmay_misc_feat_ornament,
          kennysheep_minor_cross, chequers_serial_rivers_marsh,
          kennysheep_generic_room_4, uniq_grinder, uniq_pikel
D:5:      layout_loops_corners, serial_glass, glass_columns_a, glass_columns_c,
          glass_columns_a, glass_columns_a, glass_columns_a, glass_columns_b,
          glass_columns_b, glass_columns_b, glass_columns_b, glass_columns_c,
          minmay_shop_mayhem, uniq_sigmund
D:6:      layout_layer_cave, kennysheep_mini_moat, mainiacjoe_overflow_paths,
          minmay_lizard_king, uniq_edmund
D:7:      layout_basic, general_overflow_altar, enter_ossuary_5
D:8:      nzn_winding_woodlands_three_and_one
          [nzn_winding_woodlands_5x15_concentric,
          nzn_winding_woodlands_5x15_sawtooth, nzn_winding_woodlands_5x15_cabin,
          nzn_winding_woodlands_center_diamonds], layout_basic,
          lemuel_doored_altar, mainiacjoe_overflow_catwalk, serial_shops, shop
D:9:      layout_basic, orc_0_dummy, minmay_door_square,
          nicolae_transporter_circle, uniq_harold
D:10:     layout_irregular_city, enter_bailey_5
D:11:     layout_basic, lair_entry_dummy, serial_corexii_hall,
          chequers_hall_statues_wall_a, chequers_hall_statues_wall_a,
          minmay_microvault, uniq_urug, uniq_erica
D:12:     layout_rooms
D:13:     layout_roguey, serial_nicolae_subway, nicolae_sub_station_crystal,
          nicolae_sub_station_stone, nicolae_sub_station_metal, uniq_maurice
D:14:     layout_cave_pods, erik_vaults_1, enter_trove_3,
          serial_co_window_serial, co_window_paths_a, co_window_corner_a,
          co_window_paths_a, co_window_paths_a, co_window_of_opportunity_a,
          co_window_cross_3, co_window_paths_c, co_window_2corner,
          co_window_corner_cb, co_window_2corner, co_window_sun,
          co_window_4corner_a, glass_columns_c, glass_columns_b
D:15:     grunt_enter_depths_hoard, layout_irregular_city, minivault_27
Temple:   nicolae_temple_slightly_damp_pantheon
Lair:1:   layout_cave_pods, chequers_serial_rivers_room_a,
          infiniplex_staircase_pool
Lair:2:   layout_chaotic_city, minmay_shoals_entry_beasts,
          minmay_snake_entry_six_corridors, beast_lair_carwin_11, uniq_sonja,
          uniq_fannar
Lair:3:   layout_cave_pods, special_room [special_room_bee]
Lair:4:   layout_cave_pods, special_room [special_room_mythical_zoo],
          grunt_megastairs_1
Lair:5:   evil_forest, layout_layer_cave, nicolae_slime_entry_slimehenge,
          special_room [special_room_mythical_zoo], nzn_sisyphean_effort
Shoals:1: argonaut_golden_fleece, layout_shoals, lightli_airlock
Shoals:2: layout_shoals, gammafunk_ghost_wrathful_warriors,
          nicolae_shoals_secluded_bog, uniq_polyphemus
Shoals:3: layout_shoals
Shoals:4: shoals_end_hellmonk_lost_city
Snake:1:  cheibrodos_forgotten_conduit, layout_misc_corridors, minmay_shoptagon,
          uniq_agnes
Snake:2:  layout_onion_interference, ebering_ghost_reflecting_pool,
          serial_shops, shop
Snake:3:  layout_misc_corridors
Snake:4:  minmay_snake_end_coiled, layout_cave_town, serial_shops, shop,
          nicolae_diamond_shop, nicolae_shop_crystal, shop, basic_altar,
          uniq_mara, uniq_aizul, uniq_vashnia, uniq_saint_roka, uniq_roxanne
Orc:1:    layout_caves
Orc:2:    st_orc_mages, layout_diamond_mine, guppyfry_library_mini
Vaults:1: ontoclasm_vaults_ring_large, hangedman_vaults_nodes,
          ontoclasm_vaults_hangar, nicolae_vaults_what_the_h,
          nicolae_vaults_network_barrier, ontoclasm_vaults_decontamination,
          ontoclasm_vaults_ring_square, nicolae_vaults_windows_and_doors_thing,
          nicolae_vaults_network_quincunx
          [nicolae_vaults_network_quincunx_subvault,
          nicolae_vaults_network_quincunx_subvault,
          nicolae_vaults_network_quincunx_subvault,
          nicolae_vaults_network_quincunx_subvault,
          nicolae_vaults_network_quincunx_subvault],
          nicolae_vaults_shelves_hall, layout_vaults_maze, serial_shops,
          nicolae_shop_crystal
Vaults:2: nicolae_vaults_mini_display_case, vaults_dpeg_diagonal,
          nicolae_vaults_alarming, vaults_room_pool,
          nicolae_vaults_big_angled_halls, hangedman_vaults_pinch,
          hangedman_vaults_locks, v_misc_8, v_misc_25, vaults_room_door_ring,
          vaults_dpeg_cross, ontoclasm_vaults_chip, layout_vaults_omnicross
Vaults:3: v_pattern_2, special_room_vaults [special_room_orc],
          nicolae_vaults_sealed_display, hangedman_vaults_hat,
          nicolae_vaults_theta, minmay_crypt_entry_simple_plaza, v_misc_10,
          v_misc_32, v_alt_pattern_2, ontoclasm_vaults_ring_square,
          vaults_room_ringed_pool, vaults_dpeg_hooks,
          grunt_vaults_hallway_short, vaults_room_semicircle,
          nicolae_vaults_little_squares_2, layout_vaults_ring
Vaults:4: v_misc_33, nicolae_vaults_murderbox, hangedman_vaults_nails,
          hangedman_vaults_snaps, ontoclasm_vaults_ring_square, v_misc_28,
          v_alt_pattern_1, hangedman_vaults_stream,
          hangedman_vaults_corner_blocks, layout_vaults_omnigrid, serial_shops,
          nicolae_shop_hallway_plus
Depths:1: layout_cave_pools, hell_entry, nicolae_elyvilon_peaceful_grove,
          cheibrodos_ashenzari_chains, kennysheep_random_hallway,
          grunt_megastairs_2
Depths:2: cheibrodos_spurs, layout_gridlike, grunt_hell_entry_dis_mu,
          rand_demon_pan_entry_7, gammafunk_ghost_grave, uniq_vv
Depths:3: kennysheep_ambush_hall, layout_basic, enter_ziggurat_d,
          grunt_metal_band, abyss_entry, minmay_misc_feat_plants,
          infiniplex_staircase_x, minmay_shop_star, uniq_parghit

Skill      XL: |  1  2  3  4  5  6  7  8  9 10 11 12 13 14 15 16 17 18 19 20 21 22 23 |
---------------+----------------------------------------------------------------------+-----
Axes           | 2 3 4 5 7 8 9 10 12 13 15 16 17 18 | 18.0
Fighting       | 4 5 7 8 9 10 11 12 13 14 15 17 18 19 | 19.0
Dodging        | 2 3 4 5 6 7 |  7.0
Armour         | 5 6 7 8 9 11 12 13 16 18 19 20 21 | 21.5
Throwing       | 1 4 5 7 9 10 | 10.0
Invocations    | 4 7 10 | 10.0
Shields        | 4 5 6 7 8 11 16 18 19 20 | 20.0

Action                   |  1- 3 |  4- 6 |  7- 9 | 10-12 | 13-15 | 16-18 | 19-21 | 22-24 || total
-------------------------+-------+-------+-------+-------+-------+-------+-------+-------++-------
Melee: War axe           |   119 |   125 |    83 |       |       |       |       |       ||   327
       Broad axe         |       |       |   177 |   653 |  1063 |  1497 |   992 |   588 ||  4970
       Demon whip        |       |       |       |     5 |   106 |       |       |       ||   111
Throw: Boomerang         |    16 |    16 |    99 |    74 |    28 |    14 |       |       ||   247
       Javelin           |       |       |       |    26 |   146 |    66 |    60 |    52 ||   350
Invok: Heroism           |       |       |     9 |    39 |    45 |    44 |    24 |    28 ||   189
       Finesse           |       |       |       |     2 |    16 |    10 |     5 |     7 ||    40
  Use: Scroll            |     5 |     5 |     5 |    11 |    11 |     8 |     2 |       ||    47
       Potion            |       |     1 |     4 |     1 |     1 |     6 |     1 |     1 ||    15
 Stab: Invisible         |       |       |     2 |       |       |       |       |       ||     2
Armor: Scale mail        |    45 |       |       |       |       |       |       |       ||    45
       Chain mail        |    13 |       |       |       |       |       |       |       ||    13
       Plate armour      |       |   103 |   155 |   459 |   705 |   308 |       |       ||  1730
       Crystal plate arm |       |       |       |       |       |   200 |   241 |   149 ||   590
       Skin              |       |       |       |       |       |     1 |       |       ||     1
Dodge: Dodged            |    62 |    35 |    60 |   249 |   418 |   331 |   193 |   123 ||  1471
       Repelled          |       |       |       |       |       |    10 |       |       ||    10
Block: Buckler           |    21 |    21 |    51 |   179 |   295 |    91 |       |       ||   658
       Tower shield      |       |       |       |       |       |  1281 |  1028 |   534 ||  2843

Table legend:
 A = Non-vault XP
 B = Vault XP
 C = Vault XP percentage of total XP
 D = Non-vault monster count
 E = Vault monster count
 F = Vault count percentage of total count
                 A         B        C        D         E       F
            +---------+---------+-------+---------+---------+-------
      Total |  368161 |  263960 |  41.8 |     942 |     551 |  36.9
            +---------+---------+-------+---------+---------+-------
        D:1 |      43 |       2 |   4.4 |      23 |       1 |   4.2
        D:2 |      24 |      24 |  50.0 |       9 |       8 |  47.1
        D:3 |     183 |     114 |  38.4 |      27 |      17 |  38.6
        D:4 |     144 |     963 |  87.0 |      13 |       4 |  23.5
        D:5 |     684 |     231 |  25.2 |      18 |       1 |   5.3
        D:6 |    1044 |     206 |  16.5 |      19 |       8 |  29.6
        D:7 |     858 |       0 |   0.0 |      13 |       0 |   0.0
        D:8 |    1106 |    2129 |  65.8 |      19 |      15 |  44.1
        D:9 |    2723 |     865 |  24.1 |      37 |       1 |   2.6
       D:10 |    4492 |       8 |   0.2 |      36 |       4 |  10.0
       D:11 |    5922 |    2488 |  29.6 |      24 |       3 |  11.1
       D:12 |    6712 |       0 |   0.0 |      25 |       0 |   0.0
       D:13 |    7480 |     439 |   5.5 |      19 |       1 |   5.0
       D:14 |    7043 |    1654 |  19.0 |      11 |       2 |  15.4
       D:15 |   10406 |    1860 |  15.2 |      16 |       2 |  11.1
     Lair:1 |    2612 |       0 |   0.0 |      17 |       0 |   0.0
     Lair:2 |    5586 |    5052 |  47.5 |      19 |      17 |  47.2
     Lair:3 |    4562 |    1828 |  28.6 |      13 |      25 |  65.8
     Lair:4 |   17017 |    5735 |  25.2 |      52 |      31 |  37.3
     Lair:5 |   10024 |   18442 |  64.8 |      24 |      58 |  70.7
   Shoals:1 |   14675 |    1717 |  10.5 |      28 |       2 |   6.7
   Shoals:2 |   17446 |    7678 |  30.6 |      37 |       9 |  19.6
   Shoals:3 |    9377 |       0 |   0.0 |      16 |       0 |   0.0
   Shoals:4 |    6385 |   20914 |  76.6 |      15 |      27 |  64.3
    Snake:1 |   14090 |    8165 |  36.7 |      26 |      13 |  33.3
    Snake:2 |   17357 |       0 |   0.0 |      33 |       0 |   0.0
    Snake:3 |   25540 |       0 |   0.0 |      47 |       0 |   0.0
    Snake:4 |   36983 |   30373 |  45.1 |      70 |      48 |  40.7
      Orc:1 |    3238 |       0 |   0.0 |      36 |       0 |   0.0
      Orc:2 |    2733 |    5896 |  68.3 |      22 |      55 |  71.4
   Vaults:1 |   27682 |   19572 |  41.4 |      35 |      30 |  46.2
   Vaults:2 |   19070 |    4355 |  18.6 |      23 |       7 |  23.3
   Vaults:3 |   12305 |   28388 |  69.8 |      19 |      54 |  74.0
   Vaults:4 |   25325 |   15078 |  37.3 |      37 |      18 |  32.7
   Depths:1 |   17855 |   14542 |  44.9 |      19 |      18 |  48.6
   Depths:2 |   11065 |   46775 |  80.9 |      16 |      43 |  72.9
   Depths:3 |   15804 |   18186 |  53.5 |      22 |      16 |  42.1
    Abyss:2 |    2566 |       0 |   0.0 |       7 |       0 |   0.0
    Ossuary |       0 |     281 | 100.0 |       0 |      13 | 100.0
            +---------+---------+-------+---------+---------+-------
